Workbook

Sheet Instrucciones
D1: Año | E1: Cantidad | F1: Precio | G1: Costo variable
B3: MODELO DE PROYECCIONES FINANCIERAS PARA EMPRESA
B5: DILIGENCIAMIENTO DEL MODELO
B7: Nombre de la Empresa | C7: ConectaDos
B9: 1. INTEGRANTES
B10: Diligencie en los siguientes recuadros las personas que conforman el equipo
B12: Gerente | C12: Jorge Sánchez
C13: Jorge Moreno
I17: Proyecciones Macroeconómicas Clave (2026 - 2030)
B18: 2. Años de proyección | I18: Indicador Macro económico | J18: 2026 | K18: 2027 | L18: 2028 | M18: 2029 | N18: 2030
B19: Ingrese el primer año o año base para las proyecciones financieras (por ejemplo 2010) | I19: Crecimiento PIB Real | J19: 2,6% a 3,0% | K19: 1,8% a 2,1% | L19: 0.028 | M19: 0.029 | N19: 0.03
I20: Inflación (Cierre Año) | J20: 5,8% a 6,4% | K20: 0.048 | L20: 0.04 | M20: 0.035 | N20: 0.03
B21: Año base | C21: 2027 | I21: Déficit Fiscal (% del PIB) | J21: 5,1% a 5,3% | K21: 0.045 | L21: 0.04 | M21: 0.038 | N21: 0.035
I22: Tasa de Desempleo (Promedio) | J22: 0.097 | K22: 0.095 | L22: 0.092 | M22: 0.09 | N22: 0.088
B23: 3. Análisis del entorno | I23: Tasa Cambio (TRM Promedio) | J23: 4000 | K23: 4100 | L23: 4150 | M23: 4200 | N23: 4250
B24: En el análisis del entorno realizado en el proyecto, se proyectaron algunas variables económicas como IPC, PIB, | I24: Variación TRM | J24: -0.15 | K24: =+(K23-J23)/J23 -> 0.025 | L24: =+(L23-K23)/K23 -> 0.012195122 | M24: =+(M23-L23)/L23 -> 0.012048193 | N24: =+(N23-M23)/M23 -> 0.011904762
B25: Tasas de cambio, entre otras. Ingrese a continuación las variables macroeconómicas que proyectó en su trabajo | I25: Cifras proyectadas por el Ministerio de Hacienda mediante el Plan Financiero y el Marco Fiscal de Mediano Plazo, complementadas con el consenso de analistas como BBVA Research y Corficolombiana. Agosto 7 de 2026
C27: =+D1&C21 -> Año 2027 | D27: =+D1&'Información inicial'!I6 -> Año 2028 | E27: =+D1&'Información inicial'!I7 -> Año 2029 | F27: =+D1&'Información inicial'!I8 -> Año 2030 | G27: =+D1&'Información inicial'!I9 -> Año 2031
B28: IPC | C28: 0.069 | D28: 0.048 | E28: 0.043 | F28: 0.03 | G28: 0.03
B29: Re / Devaluación | C29: =+J24 -> -0.15 | D29: =+K24 -> 0.025 | E29: =+L24 -> 0.012195122 | F29: =+M24 -> 0.012048193 | G29: =+N24 -> 0.011904762
B30: Tasa de interés | C30: 0.12 | D30: 0.0925 | E30: 0.06 | F30: 0.045 | G30: 0.04
B31: PIB | C31: 0.025 | D31: 0.028 | E31: 0.035 | F31: 0.034 | G31: 0.034
C32: Fuente: Banrepúbica agosto 07 2026
B33: Salario minimo | C33: 0.23 | D33: 0.08 | E33: 0.075 | F33: 0.06 | G33: 0.06
B34: 4. Análisis de mercadeo
B35: En el plan de mercadeo desde el punto de vista financiero se deben tener las cantidades y precios del primer año
B36: por cada producto o servicio, los factores de crecimiento (con base en indicador o estrategia) y el costo de cada
B37: una de las estrategias de mercadeo. | C37: 0.023
B39: Ingrese el número de productos o servicios que tiene el proyecto | G39: 8 | H39: Categorias
E40: Código | F40: Descripción | G40: Descripcion 2 | H40: Descripcion 3 | I40: Cantidad 2027 | J40: Mes | K40: 0.85
B41: Ingrese el nombre de cada producto o | E41: Agendamiento citas | I41: =+J41*12*$K$40 -> 4477.8 | J41: 439
B42: servicio | E42: Telemedicina | I42: =+J42*12*$K$40 -> 1224 | J42: 120
E43: Laboratorios | I43: =+J43*12*$K$40 -> 918 | J43: 90
E44: Imágenes | I44: =+J44*12*$K$40 -> 510 | J44: 50
E45: Medicamentos | I45: =+J45*12*$K$40 -> 816 | J45: 80
E46: Salud ocupacional | I46: =+J46*12*$K$40 -> 306 | J46: 30
E47: Bienestar | I47: =+J47*12*$K$40 -> 255 | J47: 25
E48: Financiación | I48: =+J48*12*$K$40 -> 204 | J48: 20
I299: =SUM(I41:I298) -> 8710.8
B300: El crecimiento en unidades depende de (marque en el recuadro con una X):
B301: a. PIB
B302: b. Estrategia | C302: X
B303: c. IPC
B304: En caso de ser mediante estrategias de mercadeo, indique los crecimientos porcentuales de cantidades en cada año
C305: =+C27 -> Año 2027 | D305: =+D27 -> Año 2028 | E305: =+E27 -> Año 2029 | F305: =+F27 -> Año 2030 | G305: =+G27 -> Año 2031
B306: Crecim. Cantidades | D306: 0.2 | E306: 0.25 | F306: 0.2 | G306: 0.2
B308: El crecimiento en precios depende de (marque en el recuadro con una X):
B309: a. PIB
B310: b. Estrategia | C310: x
B311: c. IPC
B312: En caso de ser mediante estrategias de mercadeo, indique los crecimientos porcentuales de precios en cada año
C313: =C27 -> Año 2027 | D313: =D27 -> Año 2028 | E313: =E27 -> Año 2029 | F313: =F27 -> Año 2030 | G313: =G27 -> Año 2031
B314: Crecim. Precios
D315: =+C28+5% -> 0.119 | E315: =+D28+5% -> 0.098 | F315: =+E28+5% -> 0.093 | G315: =+F28+5% -> 0.08
B317: Para cada producto o linea de negocios establecida, determine las cantidades y precios del año 1 | I317: Intermediación
I318: 0.2
A319: item | B319: Código | C319: Descripcion | D319: Descripción | E319: =+E1&C27 -> Cantidad Año 2027 | F319: Precio | G319: =+F1&C27 -> Precio Año 2027 | H319: Valor de venta
A320: 1 | B320: =+E41 -> Agendamiento citas | E320: =+I41 -> 4477.8 | F320: 190000 | G320: =+F320*$I$318 -> 38000 | H320: =+E320*G320 -> 170156400
A321: 2 | B321: =+E42 -> Telemedicina | E321: =+I42 -> 1224 | F321: 120000 | G321: =+F321*$I$318 -> 24000 | H321: =+E321*G321 -> 29376000
A322: 3 | B322: =+E43 -> Laboratorios | E322: =+I43 -> 918 | F322: 140000 | G322: =+F322*$I$318 -> 28000 | H322: =+E322*G322 -> 25704000
A323: 4 | B323: =+E44 -> Imágenes | E323: =+I44 -> 510 | F323: 280000 | G323: =+F323*$I$318 -> 56000 | H323: =+E323*G323 -> 28560000
A324: 5 | B324: =+E45 -> Medicamentos | E324: =+I45 -> 816 | F324: 108000 | G324: =+F324*$I$318 -> 21600 | H324: =+E324*G324 -> 17625600
A325: 6 | B325: =+E46 -> Salud ocupacional | E325: =+I46 -> 306 | F325: 3500000 | G325: =+F325*$I$318 -> 700000 | H325: =+E325*G325 -> 214200000
A326: 7 | B326: =+E47 -> Bienestar | E326: =+I47 -> 255 | F326: 4500000 | G326: =+F326*$I$318 -> 900000 | H326: =+E326*G326 -> 229500000
A327: 8 | B327: =+E48 -> Financiación | E327: =+I48 -> 204 | F327: 4000000 | G327: =+F327*$I$318 -> 800000 | H327: =+E327*G327 -> 163200000
A328: 9 | B328: =+E49 -> 0 | E328: =+I49 -> 0 | G328: =+F328*$I$318 -> 0 | H328: =+E328*G328 -> 0
A329: 10 | B329: =+E50 -> 0 | E329: =+I50 -> 0 | G329: =+F329*$I$318 -> 0 | H329: =+E329*G329 -> 0
A330: 11 | B330: =+E51 -> 0 | E330: =+I51 -> 0 | G330: =+F330*$I$318 -> 0 | H330: =+E330*G330 -> 0
A331: 12 | B331: =+E52 -> 0 | E331: =+I52 -> 0 | G331: =+F331*$I$318 -> 0 | H331: =+E331*G331 -> 0
A332: 13 | B332: =+E53 -> 0 | E332: =+I53 -> 0 | G332: =+F332*$I$318 -> 0 | H332: =+E332*G332 -> 0
A333: 14 | B333: =+E54 -> 0 | E333: =+I54 -> 0 | G333: =+F333*$I$318 -> 0 | H333: =+E333*G333 -> 0
A334: 15 | B334: =+E55 -> 0 | E334: =+I55 -> 0 | G334: =+F334*$I$318 -> 0 | H334: =+E334*G334 -> 0
A335: 16 | B335: =+E56 -> 0 | E335: =+I56 -> 0 | G335: =+F335*$I$318 -> 0 | H335: =+E335*G335 -> 0
A336: 17 | B336: =+E57 -> 0 | E336: =+I57 -> 0 | G336: =+F336*$I$318 -> 0 | H336: =+E336*G336 -> 0
A337: 18 | B337: =+E58 -> 0 | E337: =+I58 -> 0 | G337: =+F337*$I$318 -> 0 | H337: =+E337*G337 -> 0
A338: 19 | B338: =+E59 -> 0 | E338: =+I59 -> 0 | G338: =+F338*$I$318 -> 0 | H338: =+E338*G338 -> 0
A339: 20 | B339: =+E60 -> 0 | E339: =+I60 -> 0 | G339: =+F339*$I$318 -> 0 | H339: =+E339*G339 -> 0
... A559: 240 | B559: =+E280 -> 0 | E559: =+I280 -> 0 | G559: =+F559*$I$318 -> 0 | H559: =+E559*G559 -> 0
A560: 241 | B560: =+E281 -> 0 | C560: =+F281 -> 0 | E560: =+I281 -> 0 | G560: =+F560*$I$318 -> 0 | H560: =+E560*G560 -> 0
A561: 242 | B561: =+E282 -> 0 | C561: =+F282 -> 0 | E561: =+I282 -> 0 | G561: =+F561*$I$318 -> 0 | H561: =+E561*G561 -> 0
A562: 243 | B562: =+E283 -> 0 | C562: =+F283 -> 0 | E562: =+I283 -> 0 | G562: =+F562*$I$318 -> 0 | H562: =+E562*G562 -> 0
A563: 244 | B563: =+E284 -> 0 | C563: =+F284 -> 0 | E563: =+I284 -> 0 | G563: =+F563*$I$318 -> 0 | H563: =+E563*G563 -> 0
A564: 245 | B564: =+E285 -> 0 | C564: =+F285 -> 0 | E564: =+I285 -> 0 | G564: =+F564*$I$318 -> 0 | H564: =+E564*G564 -> 0
A565: 246 | B565: =+E286 -> 0 | C565: =+F286 -> 0 | E565: =+I286 -> 0 | G565: =+F565*$I$318 -> 0 | H565: =+E565*G565 -> 0
A566: 247 | B566: =+E293 -> 0 | C566: =+F287 -> 0 | E566: =+I287 -> 0 | G566: =+F566*$I$318 -> 0 | H566: =+E566*G566 -> 0
A567: 248 | B567: =+E294 -> 0 | C567: =+F288 -> 0 | E567: =+I288 -> 0 | G567: =+F567*$I$318 -> 0 | H567: =+E567*G567 -> 0
A568: 249 | B568: =+E295 -> 0 | C568: =+F289 -> 0 | E568: =+I289 -> 0 | G568: =+F568*$I$318 -> 0 | H568: =+E568*G568 -> 0
A569: 250 | B569: =+E296 -> 0 | C569: =+F290 -> 0 | E569: =+I290 -> 0 | G569: =+F569*$I$318 -> 0 | H569: =+E569*G569 -> 0
A570: 251 | B570: =+E297 -> 0 | C570: =+F291 -> 0 | E570: =+I291 -> 0 | G570: =+F570*$I$318 -> 0 | H570: =+E570*G570 -> 0
A571: 252 | B571: =+E298 -> 0 | C571: =+F292 -> 0 | E571: =+I292 -> 0 | G571: =+F571*$I$318 -> 0 | H571: =+E571*G571 -> 0
E572: =+I293 -> 0 | G572: =+F572*$I$318 -> 0 | H572: =+E572*G572 -> 0
E573: =+I294 -> 0 | G573: =+F573*$I$318 -> 0 | H573: =+E573*G573 -> 0
G574: =+F574*$I$318 -> 0 | H574: =+E574*G574 -> 0
F575: =+SUM(E560:E565)/E577 -> 0 | H575: =+E575*G575 -> 0
H576: =+E576*G576 -> 0
E577: =SUM(E320:E576) -> 8710.8 | H577: =SUM(H320:H576) -> 878322000
B578: Nombre las estrategias de mercadeo a realizar en su proyecto y el costo estimado para cada año
B580: Estrategia: | C580: =+C27 -> Año 2027 | D580: =+D27 -> Año 2028 | E580: =+E27 -> Año 2029 | F580: =+F27 -> Año 2030 | G580: =+G27 -> Año 2031
B581: Marketing digital | C581: 4000000 | D581: =+C581*(1+$C$28) -> 4276000 | E581: =+D581*(1+D28) -> 4481248 | F581: =+E581*(1+E28) -> 4673941.7 | G581: =+F581*(1+F28) -> 4814159.9
B582: Publicidad comercial | C582: 2000000 | D582: =+C582*(1+C28) -> 2138000 | E582: =+D582*(1+D28) -> 2240624 | F582: =+E582*(1+E28) -> 2336970.8 | G582: =+F582*(1+F28) -> 2407080
...

Sheet Información inicial
B3: MODELO DE PROYECCIONES Y EVALUACION DE PROYECTO
B5: NOMBRE DEL PROYECTO | D5: =+Instrucciones!C7 -> ConectaDos | H5: AÑO 1 | I5: =+Instrucciones!C21 -> 2027
H6: AÑO 2 | I6: =+I5+1 -> 2028
B7: ELABORADO POR: | D7: =+Instrucciones!C12 -> Jorge Sánchez | H7: AÑO 3 | I7: =+I6+1 -> 2029
D8: =+Instrucciones!C13 -> Jorge Moreno | H8: AÑO 4 | I8: =+I7+1 -> 2030
D9: =+Instrucciones!C14 -> 0 | H9: AÑO 5 | I9: =+I8+1 -> 2031
D10: =+Instrucciones!C15 -> 0
B13: 1. INFORMACIÓN DE VARIABLES ECONÓMICAS
D15: AÑO 1 | E15: AÑO 2 | F15: AÑO 3 | G15: AÑO 4 | H15: AÑO 5 | I15: =+D5 -> ConectaDos
D16: =+I5 -> 2027 | E16: =+I6 -> 2028 | F16: =+I7 -> 2029 | G16: =+I8 -> 2030 | H16: =+I9 -> 2031
B18: IPC PROYECTADO | D18: =+Instrucciones!C28 -> 0.069 | E18: =+Instrucciones!D28 -> 0.048 | F18: =+Instrucciones!E28 -> 0.043 | G18: =+Instrucciones!F28 -> 0.03 | H18: =+Instrucciones!G28 -> 0.03
B19: DEVALUACIÓN PROYECTADA | D19: =+Instrucciones!C29 -> -0.15 | E19: =+Instrucciones!D29 -> 0.025 | F19: =+Instrucciones!E29 -> 0.012195122 | G19: =+Instrucciones!F29 -> 0.012048193 | H19: =+Instrucciones!G29 -> 0.011904762
B20: TASA DE INTERÉS PROYECTADA | D20: =+Instrucciones!C30 -> 0.12 | E20: =+Instrucciones!D30 -> 0.0925 | F20: =+Instrucciones!E30 -> 0.06 | G20: =+Instrucciones!F30 -> 0.045 | H20: =+Instrucciones!G30 -> 0.04
B21: PIB PROYECTADO | D21: =+Instrucciones!C31 -> 0.025 | E21: =+Instrucciones!D31 -> 0.028 | F21: =+Instrucciones!E31 -> 0.035 | G21: =+Instrucciones!F31 -> 0.034 | H21: =+Instrucciones!G31 -> 0.034
B25: 1. INFORMACIÓN DEL PRODUCTO O SERVICIO
B28: CANT. PRODUCTOS O SERVICIOS | C28: =Instrucciones!G39 -> 8 | E28: =IF(C28>0,1,0) -> 1 | F28: =IF(E28>0,Instrucciones!E41," ") -> Agendamiento citas
E29: =IF(E28=0,0,IF($C$28>E28,E28+1,0)) -> 2 | F29: =IF(E29>0,Instrucciones!E42," ") -> Telemedicina
E30: =IF(E29=0,0,IF($C$28>E29,E29+1,0)) -> 3 | F30: =IF(E30>0,Instrucciones!E43," ") -> Laboratorios
E31: =IF(E30=0,0,IF($C$28>E30,E30+1,0)) -> 4 | F31: =IF(E31>0,Instrucciones!E44," ") -> Imágenes
E32: =IF(E31=0,0,IF($C$28>E31,E31+1,0)) -> 5 | F32: =IF(E32>0,Instrucciones!E45," ") -> Medicamentos
E33: =IF(E32=0,0,IF($C$28>E32,E32+1,0)) -> 6 | F33: =IF(E33>0,Instrucciones!E46," ") -> Salud ocupacional
E34: =IF(E33=0,0,IF($C$28>E33,E33+1,0)) -> 7 | F34: =IF(E34>0,Instrucciones!E47," ") -> Bienestar
E35: =IF(E34=0,0,IF($C$28>E34,E34+1,0)) -> 8 | F35: =IF(E35>0,Instrucciones!E48," ") -> Financiación
E36: =IF(E35=0,0,IF($C$28>E35,E35+1,0)) -> 0 | F36: =IF(E36>0,Instrucciones!E49," ")
E37: =IF(E36=0,0,IF($C$28>E36,E36+1,0)) -> 0 | F37: =IF(E37>0,Instrucciones!E50," ")
E38: =IF(E37=0,0,IF($C$28>E37,E37+1,0)) -> 0 | F38: =IF(E38>0,Instrucciones!E51," ")
E39: =IF(E38=0,0,IF($C$28>E38,E38+1,0)) -> 0 | F39: =IF(E39>0,Instrucciones!E52," ")
E40: =IF(E39=0,0,IF($C$28>E39,E39+1,0)) -> 0 | F40: =IF(E40>0,Instrucciones!E53," ")
... E276: =IF(E275=0,0,IF($C$28>E275,E275+1,0)) -> 0 | F276: =IF(E276>0,Instrucciones!E289," ")
E277: =IF(E276=0,0,IF($C$28>E276,E276+1,0)) -> 0
E278: =IF(E277=0,0,IF($C$28>E277,E277+1,0)) -> 0
E279: =IF(E278=0,0,IF($C$28>E278,E278+1,0)) -> 0
B282: 2. INFORMACIÓN PLAN DE MERCADEO
B284: INGRESOS OPERATIVOS (Producto o servicio) | D284: AÑO 1 | E284: AÑO 2 | F284: AÑO 3 | G284: AÑO 4 | H284: AÑO 5
D285: =+D16 -> 2027 | E285: =+E16 -> 2028 | F285: =+F16 -> 2029 | G285: =+G16 -> 2030 | H285: =+H16 -> 2031
B287: FACTOR CRECIMIENTO UNIDADES | E287: =IF(Instrucciones!$C$301="x",'Información inicial'!E21,(IF(Instrucciones!$C$303="x",'Información inicial'!E18,Instrucciones!D306))) -> 0.2 | F287: =IF(Instrucciones!$C$301="x",'Información inicial'!F21,(IF(Instrucciones!$C$303="x",'Información inicial'!F18,Instrucciones!E306))) -> 0.25 | G287: =IF(Instrucciones!$C$301="x",'Información inicial'!G21,(IF(Instrucciones!$C$303="x",'Información inicial'!G18,Instrucciones!F306))) -> 0.2 | H287: =IF(Instrucciones!$C$301="x",'Información inicial'!H21,(IF(Instrucciones!$C$303="x",'Información inicial'!H18,Instrucciones!G306))) -> 0.2
B289: FACTOR INCREMENTO PRECIOS | E289: =IF(Instrucciones!$C$309="x",'Información inicial'!E21,(IF(Instrucciones!$C$311="x",'Información inicial'!E18,Instrucciones!D315))) -> 0.119 | F289: =IF(Instrucciones!$C$309="x",'Información inicial'!F21,(IF(Instrucciones!$C$311="x",'Información inicial'!F18,Instrucciones!E315))) -> 0.098 | G289: =IF(Instrucciones!$C$309="x",'Información inicial'!G21,(IF(Instrucciones!$C$311="x",'Información inicial'!G18,Instrucciones!F315))) -> 0.093 | H289: =IF(Instrucciones!$C$309="x",'Información inicial'!H21,(IF(Instrucciones!$C$311="x",'Información inicial'!H18,Instrucciones!G315))) -> 0.08
E290: año completo
B291: =+F28 -> Agendamiento citas | C291: Cantidades | D291: =IF(C28>0,Instrucciones!E320) -> 4477.8 | E291: =+(D291*(1+$E$287)) -> 5373.36 | F291: =+E291*(1+$F$287) -> 6716.7 | G291: =+F291*(1+$G$287) -> 8060.04 | H291: =+G291*(1+$H$287) -> 9672.048
C292: Precio unitario | D292: =IF(D291>0,Instrucciones!G320) -> 38000 | E292: =+D292*(1+$E$289) -> 42522 | F292: =+E292*(1+$F$289) -> 46689.156 | G292: =+F292*(1+$G$289) -> 51031.248 | H292: =+G292*(1+$H$289) -> 55113.747
D293: =+D292*D291 -> 170156400 | E293: =+E292*E291 -> 2.2848601e+08 | F293: =+F292*F291 -> 3.1359705e+08 | G293: =+G292*G291 -> 4.113139e+08 | H293: =+H292*H291 -> 5.3306281e+08
B295: =+F29 -> Telemedicina | C295: Cantidades | D295: =IF(E29>0,Instrucciones!E321) -> 1224 | E295: =+(D295*(1+$E$287)) -> 1468.8 | F295: =+E295*(1+$F$287) -> 1836 | G295: =+F295*(1+$G$287) -> 2203.2 | H295: =+G295*(1+$H$287) -> 2643.84
C296: Precio unitario | D296: =IF(D295>0,Instrucciones!G321) -> 24000 | E296: =+D296*(1+$E$289) -> 26856 | F296: =+E296*(1+$F$289) -> 29487.888 | G296: =+F296*(1+$G$289) -> 32230.262 | H296: =+G296*(1+$H$289) -> 34808.683
D297: =+D296*D295 -> 29376000 | E297: =+E296*E295 -> 39446093 | F297: =+F296*F295 -> 54139762 | G297: =+G296*G295 -> 71009712 | H297: =+H296*H295 -> 92028587
B299: =+F30 -> Laboratorios | C299: Cantidades | D299: =IF(E30>0,Instrucciones!E322) -> 918 | E299: =+(D299*(1+$E$287)) -> 1101.6 | F299: =+E299*(1+$F$287) -> 1377 | G299: =+F299*(1+$G$287) -> 1652.4 | H299: =+G299*(1+$H$287) -> 1982.88
C300: Precio unitario | D300: =IF(D299>0,Instrucciones!G322) -> 28000 | E300: =+D300*(1+$E$289) -> 31332 | F300: =+E300*(1+$F$289) -> 34402.536 | G300: =+F300*(1+$G$289) -> 37601.972 | H300: =+G300*(1+$H$289) -> 40610.13
D301: =+D300*D299 -> 25704000 | E301: =+E300*E299 -> 34515331 | F301: =+F300*F299 -> 47372292 | G301: =+G300*G299 -> 62133498 | H301: =+H300*H299 -> 80525014
B303: =+F31 -> Imágenes | C303: Cantidades | D303: =IF(E31>0,Instrucciones!E323) -> 510 | E303: =+(D303*(1+$E$287)) -> 612 | F303: =+E303*(1+$F$287) -> 765 | G303: =+F303*(1+$G$287) -> 918 | H303: =+G303*(1+$H$287) -> 1101.6
C304: Precio unitario | D304: =IF(D303>0,Instrucciones!G323) -> 56000 | E304: =+D304*(1+$E$289) -> 62664 | F304: =+E304*(1+$F$289) -> 68805.072 | G304: =+F304*(1+$G$289) -> 75203.944 | H304: =+G304*(1+$H$289) -> 81220.259
D305: =+D304*D303 -> 28560000 | E305: =+E304*E303 -> 38350368 | F305: =+F304*F303 -> 52635880 | G305: =+G304*G303 -> 69037220 | H305: =+H304*H303 -> 89472238
B307: =+F32 -> Medicamentos | C307: Cantidades | D307: =Instrucciones!E324 -> 816 | E307: =+(D307*(1+$E$287)) -> 979.2 | F307: =+E307*(1+$F$287) -> 1224 | G307: =+F307*(1+$G$287) -> 1468.8 | H307: =+G307*(1+$H$287) -> 1762.56
C308: Precio unitario | D308: =IF(D307>0,Instrucciones!G324) -> 21600 | E308: =+D308*(1+$E$289) -> 24170.4 | F308: =+E308*(1+$F$289) -> 26539.099 | G308: =+F308*(1+$G$289) -> 29007.235 | H308: =+G308*(1+$H$289) -> 31327.814
D309: =+D308*D307 -> 17625600 | E309: =+E308*E307 -> 23667656 | F309: =+F308*F307 -> 32483857 | G309: =+G308*G307 -> 42605827 | H309: =+H308*H307 -> 55217152
B311: =+F33 -> Salud ocupacional | C311: Cantidades | D311: =Instrucciones!E325 -> 306 | E311: =+(D311*(1+$E$287)) -> 367.2 | F311: =+E311*(1+$F$287) -> 459 | G311: =+F311*(1+$G$287) -> 550.8 | H311: =+G311*(1+$H$287) -> 660.96
C312: Precio unitario | D312: =IF(D311>0,Instrucciones!G325) -> 700000 | E312: =+D312*(1+$E$289) -> 783300 | F312: =+E312*(1+$F$289) -> 860063.4 | G312: =+F312*(1+$G$289) -> 940049.3 | H312: =+G312*(1+$H$289) -> 1015253.2
D313: =+D312*D311 -> 214200000 | E313: =+E312*E311 -> 287627760 | F313: =+F312*F311 -> 3.947691e+08 | G313: =+G312*G311 -> 5.1777915e+08 | H313: =+H312*H311 -> 6.7104178e+08
B315: =+F34 -> Bienestar | C315: Cantidades | D315: =Instrucciones!E326 -> 255 | E315: =+(D315*(1+$E$287)) -> 306 | F315: =+E315*(1+$F$287) -> 382.5 | G315: =+F315*(1+$G$287) -> 459 | H315: =+G315*(1+$H$287) -> 550.8
C316: Precio unitario | D316: =IF(D315>0,Instrucciones!G326) -> 900000 | E316: =+D316*(1+$E$289) -> 1007100 | F316: =+E316*(1+$F$289) -> 1105795.8 | G316: =+F316*(1+$G$289) -> 1208634.8 | H316: =+G316*(1+$H$289) -> 1305325.6
D317: =+D316*D315 -> 229500000 | E317: =+E316*E315 -> 308172600 | F317: =+F316*F315 -> 4.2296689e+08 | G317: =+G316*G315 -> 5.5476338e+08 | H317: =+H316*H315 -> 7.1897334e+08
B319: =+F35 -> Financiación | C319: Cantidades | D319: =Instrucciones!E327 -> 204 | E319: =+(D319*(1+$E$287)) -> 244.8 | F319: =+E319*(1+$F$287) -> 306 | G319: =+F319*(1+$G$287) -> 367.2 | H319: =+G319*(1+$H$287) -> 440.64
C320: Precio unitario | D320: =IF(D319>0,Instrucciones!G327) -> 800000 | E320: =+D320*(1+$E$289) -> 895200 | F320: =+E320*(1+$F$289) -> 982929.6 | G320: =+F320*(1+$G$289) -> 1074342.1 | H320: =+G320*(1+$H$289) -> 1160289.4
D321: =+D320*D319 -> 163200000 | E321: =+E320*E319 -> 2.1914496e+08 | F321: =+F320*F319 -> 3.0077646e+08 | G321: =+G320*G319 -> 3.944984e+08 | H321: =+H320*H319 -> 5.1126993e+08
B323: =+F36 | C323: Cantidades | D323: =Instrucciones!E328 -> 0 | E323: =+D323*(1+$E$287) -> 0 | F323: =+E323*(1+$F$287) -> 0 | G323: =+F323*(1+$G$287) -> 0 | H323: =+G323*(1+$H$287) -> 0
C324: Precio unitario | D324: =IF(D323>0,Instrucciones!G328) -> FALSE | E324: =+D324*(1+$E$289) -> 0 | F324: =+E324*(1+$F$289) -> 0 | G324: =+F324*(1+$G$289) -> 0 | H324: =+G324*(1+$H$289) -> 0
D325: =+D324*D323 -> 0 | E325: =+E324*E323 -> 0 | F325: =+F324*F323 -> 0 | G325: =+G324*G323 -> 0 | H325: =+H324*H323 -> 0
B327: =+F37 | C327: Cantidades | D327: =Instrucciones!E329 -> 0 | E327: =+D327*(1+$E$287) -> 0 | F327: =+E327*(1+$F$287) -> 0 | G327: =+F327*(1+$G$287) -> 0 | H327: =+G327*(1+$H$287) -> 0
C328: Precio unitario | D328: =IF(D327>0,Instrucciones!G329) -> FALSE | E328: =+D328*(1+$E$289) -> 0 | F328: =+E328*(1+$F$289) -> 0 | G328: =+F328*(1+$G$289) -> 0 | H328: =+G328*(1+$H$289) -> 0
D329: =+D328*D327 -> 0 | E329: =+E328*E327 -> 0 | F329: =+F328*F327 -> 0 | G329: =+G328*G327 -> 0 | H329: =+H328*H327 -> 0
B331: =+F38 | C331: Cantidades | D331: =Instrucciones!E330 -> 0 | E331: =+D331*(1+$E$287) -> 0 | F331: =+E331*(1+$F$287) -> 0 | G331: =+F331*(1+$G$287) -> 0 | H331: =+G331*(1+$H$287) -> 0
C332: Precio unitario | D332: =IF(D331>0,Instrucciones!G330) -> FALSE | E332: =+D332*(1+$E$289) -> 0 | F332: =+E332*(1+$F$289) -> 0 | G332: =+F332*(1+$G$289) -> 0 | H332: =+G332*(1+$H$289) -> 0
D333: =+D332*D331 -> 0 | E333: =+E332*E331 -> 0 | F333: =+F332*F331 -> 0 | G333: =+G332*G331 -> 0 | H333: =+H332*H331 -> 0
B335: =+F39 | C335: Cantidades | D335: =Instrucciones!E331 -> 0 | E335: =+D335*(1+$E$287) -> 0 | F335: =+E335*(1+$F$287) -> 0 | G335: =+F335*(1+$G$287) -> 0 | H335: =+G335*(1+$H$287) -> 0
C336: Precio unitario | D336: =IF(D335>0,Instrucciones!G331) -> FALSE | E336: =+D336*(1+$E$289) -> 0 | F336: =+E336*(1+$F$289) -> 0 | G336: =+F336*(1+$G$289) -> 0 | H336: =+G336*(1+$H$289) -> 0
D337: =+D336*D335 -> 0 | E337: =+E336*E335 -> 0 | F337: =+F336*F335 -> 0 | G337: =+G336*G335 -> 0 | H337: =+H336*H335 -> 0
B339: =+F40 | C339: Cantidades | D339: =Instrucciones!E332 -> 0 | E339: =+D339*(1+$E$287) -> 0 | F339: =+E339*(1+$F$287) -> 0 | G339: =+F339*(1+$G$287) -> 0 | H339: =+G339*(1+$H$287) -> 0
C340: Precio unitario | D340: =IF(D339>0,Instrucciones!G332) -> FALSE | E340: =+D340*(1+$E$289) -> 0 | F340: =+E340*(1+$F$289) -> 0 | G340: =+F340*(1+$G$289) -> 0 | H340: =+G340*(1+$H$289) -> 0
D341: =+D340*D339 -> 0 | E341: =+E340*E339 -> 0 | F341: =+F340*F339 -> 0 | G341: =+G340*G339 -> 0 | H341: =+H340*H339 -> 0
B343: =+F41 | C343: Cantidades | D343: =Instrucciones!E333 -> 0 | E343: =+(D343*(1+$E$287)) -> 0 | F343: =+E343*(1+$F$287) -> 0 | G343: =+F343*(1+$G$287) -> 0 | H343: =+G343*(1+$H$287) -> 0
C344: Precio unitario | D344: =IF(D343>0,Instrucciones!G333) -> FALSE | E344: =+D344*(1+$E$289) -> 0 | F344: =+E344*(1+$F$289) -> 0 | G344: =+F344*(1+$G$289) -> 0 | H344: =+G344*(1+$H$289) -> 0
D345: =+D344*D343 -> 0 | E345: =+E344*E343 -> 0 | F345: =+F344*F343 -> 0 | G345: =+G344*G343 -> 0 | H345: =+H344*H343 -> 0
B347: =+F42 | C347: Cantidades | D347: =Instrucciones!E334 -> 0 | E347: =+(D347*(1+$E$287)) -> 0 | F347: =+E347*(1+$F$287) -> 0 | G347: =+F347*(1+$G$287) -> 0 | H347: =+G347*(1+$H$287) -> 0
C348: Precio unitario | D348: =IF(D347>0,Instrucciones!G334) -> FALSE | E348: =+D348*(1+$E$289) -> 0 | F348: =+E348*(1+$F$289) -> 0 | G348: =+F348*(1+$G$289) -> 0 | H348: =+G348*(1+$H$289) -> 0
D349: =+D348*D347 -> 0 | E349: =+E348*E347 -> 0 | F349: =+F348*F347 -> 0 | G349: =+G348*G347 -> 0 | H349: =+H348*H347 -> 0
B351: =+F43 | C351: Cantidades | D351: =Instrucciones!E335 -> 0 | E351: =+(D351*(1+$E$287)) -> 0 | F351: =+E351*(1+$F$287) -> 0 | G351: =+F351*(1+$G$287) -> 0 | H351: =+G351*(1+$H$287) -> 0
C352: Precio unitario | D352: =IF(D351>0,Instrucciones!G335) -> FALSE | E352: =+D352*(1+$E$289) -> 0 | F352: =+E352*(1+$F$289) -> 0 | G352: =+F352*(1+$G$289) -> 0 | H352: =+G352*(1+$H$289) -> 0
D353: =+D352*D351 -> 0 | E353: =+E352*E351 -> 0 | F353: =+F352*F351 -> 0 | G353: =+G352*G351 -> 0 | H353: =+H352*H351 -> 0
B355: =+F44 | C355: Cantidades | D355: =Instrucciones!E336 -> 0 | E355: =+(D355*(1+$E$287)) -> 0 | F355: =+E355*(1+$F$287) -> 0 | G355: =+F355*(1+$G$287) -> 0 | H355: =+G355*(1+$H$287) -> 0
C356: Precio unitario | D356: =IF(D355>0,Instrucciones!G336) -> FALSE | E356: =+D356*(1+$E$289) -> 0 | F356: =+E356*(1+$F$289) -> 0 | G356: =+F356*(1+$G$289) -> 0 | H356: =+G356*(1+$H$289) -> 0
D357: =+D356*D355 -> 0 | E357: =+E356*E355 -> 0 | F357: =+F356*F355 -> 0 | G357: =+G356*G355 -> 0 | H357: =+H356*H355 -> 0
B359: =+F45 | C359: Cantidades | D359: =Instrucciones!E337 -> 0 | E359: =+(D359*(1+$E$287)) -> 0 | F359: =+E359*(1+$F$287) -> 0 | G359: =+F359*(1+$G$287) -> 0 | H359: =+G359*(1+$H$287) -> 0
C360: Precio unitario | D360: =IF(D359>0,Instrucciones!G337) -> FALSE | E360: =+D360*(1+$E$289) -> 0 | F360: =+E360*(1+$F$289) -> 0 | G360: =+F360*(1+$G$289) -> 0 | H360: =+G360*(1+$H$289) -> 0
D361: =+D360*D359 -> 0 | E361: =+E360*E359 -> 0 | F361: =+F360*F359 -> 0 | G361: =+G360*G359 -> 0 | H361: =+H360*H359 -> 0
B363: =+F46 | C363: Cantidades | D363: =Instrucciones!E338 -> 0 | E363: =+D363*(1+$E$287) -> 0 | F363: =+E363*(1+$F$287) -> 0 | G363: =+F363*(1+$G$287) -> 0 | H363: =+G363*(1+$H$287) -> 0
C364: Precio unitario | D364: =IF(D363>0,Instrucciones!G338) -> FALSE | E364: =+D364*(1+$E$289) -> 0 | F364: =+E364*(1+$F$289) -> 0 | G364: =+F364*(1+$G$289) -> 0 | H364: =+G364*(1+$H$289) -> 0
D365: =+D364*D363 -> 0 | E365: =+E364*E363 -> 0 | F365: =+F364*F363 -> 0 | G365: =+G364*G363 -> 0 | H365: =+H364*H363 -> 0
B367: =+F47 | C367: Cantidades | D367: =Instrucciones!E339 -> 0 | E367: =+D367*(1+$E$287) -> 0 | F367: =+E367*(1+$F$287) -> 0 | G367: =+F367*(1+$G$287) -> 0 | H367: =+G367*(1+$H$287) -> 0
C368: Precio unitario | D368: =IF(D367>0,Instrucciones!G339) -> FALSE | E368: =+D368*(1+$E$289) -> 0 | F368: =+E368*(1+$F$289) -> 0 | G368: =+F368*(1+$G$289) -> 0 | H368: =+G368*(1+$H$289) -> 0
D369: =+D368*D367 -> 0 | E369: =+E368*E367 -> 0 | F369: =+F368*F367 -> 0 | G369: =+G368*G367 -> 0 | H369: =+H368*H367 -> 0
B371: =+F48 | C371: Cantidades | D371: =Instrucciones!E340 -> 0 | E371: =+D371*(1+$E$287) -> 0 | F371: =+E371*(1+$F$287) -> 0 | G371: =+F371*(1+$G$287) -> 0 | H371: =+G371*(1+$H$287) -> 0
C372: Precio unitario | D372: =IF(D371>0,Instrucciones!G340) -> FALSE | E372: =+D372*(1+$E$289) -> 0 | F372: =+E372*(1+$F$289) -> 0 | G372: =+F372*(1+$G$289) -> 0 | H372: =+G372*(1+$H$289) -> 0
...

Sheet Ingresos
B2: =+'Información inicial'!I15 -> ConectaDos
B4: INGRESOS
C6: =+'Información inicial'!D16 -> 2027 | D6: =+'Información inicial'!E16 -> 2028 | E6: =+'Información inicial'!F16 -> 2029 | F6: =+'Información inicial'!G16 -> 2030 | G6: =+'Información inicial'!H16 -> 2031
A8: 1 | B8: =+'Información inicial'!B291 -> Agendamiento citas | C8: =+'Información inicial'!D293 -> 170156400 | D8: =+'Información inicial'!E293 -> 2.2848601e+08 | E8: =+'Información inicial'!F293 -> 3.1359705e+08 | F8: =+'Información inicial'!G293 -> 4.113139e+08 | G8: =+'Información inicial'!H293 -> 5.3306281e+08
A9: 2 | B9: =+'Información inicial'!B295 -> Telemedicina | C9: =+'Información inicial'!D297 -> 29376000 | D9: =+'Información inicial'!E297 -> 39446093 | E9: =+'Información inicial'!F297 -> 54139762 | F9: =+'Información inicial'!G297 -> 71009712 | G9: =+'Información inicial'!H297 -> 92028587
A10: 3 | B10: =+'Información inicial'!B299 -> Laboratorios | C10: =+'Información inicial'!D301 -> 25704000 | D10: =+'Información inicial'!E301 -> 34515331 | E10: =+'Información inicial'!F301 -> 47372292 | F10: =+'Información inicial'!G301 -> 62133498 | G10: =+'Información inicial'!H301 -> 80525014
A11: 4 | B11: =+'Información inicial'!B303 -> Imágenes | C11: =+'Información inicial'!D305 -> 28560000 | D11: =+'Información inicial'!E305 -> 38350368 | E11: =+'Información inicial'!F305 -> 52635880 | F11: =+'Información inicial'!G305 -> 69037220 | G11: =+'Información inicial'!H305 -> 89472238
A12: 5 | B12: =+'Información inicial'!B307 -> Medicamentos | C12: =+'Información inicial'!D309 -> 17625600 | D12: =+'Información inicial'!E309 -> 23667656 | E12: =+'Información inicial'!F309 -> 32483857 | F12: =+'Información inicial'!G309 -> 42605827 | G12: =+'Información inicial'!H309 -> 55217152
A13: 6 | B13: =+'Información inicial'!B311 -> Salud ocupacional | C13: =+'Información inicial'!D313 -> 214200000 | D13: =+'Información inicial'!E313 -> 287627760 | E13: =+'Información inicial'!F313 -> 3.947691e+08 | F13: =+'Información inicial'!G313 -> 5.1777915e+08 | G13: =+'Información inicial'!H313 -> 6.7104178e+08
A14: 7 | B14: =+'Información inicial'!B315 -> Bienestar | C14: =+'Información inicial'!D317 -> 229500000 | D14: =+'Información inicial'!E317 -> 308172600 | E14: =+'Información inicial'!F317 -> 4.2296689e+08 | F14: =+'Información inicial'!G317 -> 5.5476338e+08 | G14: =+'Información inicial'!H317 -> 7.1897334e+08
A15: 8 | B15: =+'Información inicial'!B319 -> Financiación | C15: =+'Información inicial'!D321 -> 163200000 | D15: =+'Información inicial'!E321 -> 2.1914496e+08 | E15: =+'Información inicial'!F321 -> 3.0077646e+08 | F15: =+'Información inicial'!G321 -> 3.944984e+08 | G15: =+'Información inicial'!H321 -> 5.1126993e+08
A16: 9 | B16: =+'Información inicial'!B323 | C16: =+'Información inicial'!D325 -> 0 | D16: =+'Información inicial'!E325 -> 0 | E16: =+'Información inicial'!F325 -> 0 | F16: =+'Información inicial'!G325 -> 0 | G16: =+'Información inicial'!H325 -> 0
A17: 10 | B17: =+'Información inicial'!B327 | C17: =+'Información inicial'!D329 -> 0 | D17: =+'Información inicial'!E329 -> 0 | E17: =+'Información inicial'!F329 -> 0 | F17: =+'Información inicial'!G329 -> 0 | G17: =+'Información inicial'!H329 -> 0
A18: 11 | B18: =+'Información inicial'!B331 | C18: =+'Información inicial'!D333 -> 0 | D18: =+'Información inicial'!E333 -> 0 | E18: =+'Información inicial'!F333 -> 0 | F18: =+'Información inicial'!G333 -> 0 | G18: =+'Información inicial'!H333 -> 0
A19: 12 | B19: =+'Información inicial'!B335 | C19: =+'Información inicial'!D337 -> 0 | D19: =+'Información inicial'!E337 -> 0 | E19: =+'Información inicial'!F337 -> 0 | F19: =+'Información inicial'!G337 -> 0 | G19: =+'Información inicial'!H337 -> 0
A20: 13 | B20: =+'Información inicial'!B339 | C20: =+'Información inicial'!D341 -> 0 | D20: =+'Información inicial'!E341 -> 0 | E20: =+'Información inicial'!F341 -> 0 | F20: =+'Información inicial'!G341 -> 0 | G20: =+'Información inicial'!H341 -> 0
A21: 14 | B21: =+'Información inicial'!B343 | C21: =+'Información inicial'!D345 -> 0 | D21: =+'Información inicial'!E345 -> 0 | E21: =+'Información inicial'!F345 -> 0 | F21: =+'Información inicial'!G345 -> 0 | G21: =+'Información inicial'!H345 -> 0
A22: 15 | B22: =+'Información inicial'!B347 | C22: =+'Información inicial'!D349 -> 0 | D22: =+'Información inicial'!E349 -> 0 | E22: =+'Información inicial'!F349 -> 0 | F22: =+'Información inicial'!G349 -> 0 | G22: =+'Información inicial'!H349 -> 0
A23: 16 | B23: =+'Información inicial'!B351 | C23: =+'Información inicial'!D353 -> 0 | D23: =+'Información inicial'!E353 -> 0 | E23: =+'Información inicial'!F353 -> 0 | F23: =+'Información inicial'!G353 -> 0 | G23: =+'Información inicial'!H353 -> 0
A24: 17 | B24: =+'Información inicial'!B355 | C24: =+'Información inicial'!D357 -> 0 | D24: =+'Información inicial'!E357 -> 0 | E24: =+'Información inicial'!F357 -> 0 | F24: =+'Información inicial'!G357 -> 0 | G24: =+'Información inicial'!H357 -> 0
A25: 18 | B25: =+'Información inicial'!B359 | C25: =+'Información inicial'!D361 -> 0 | D25: =+'Información inicial'!E361 -> 0 | E25: =+'Información inicial'!F361 -> 0 | F25: =+'Información inicial'!G361 -> 0 | G25: =+'Información inicial'!H361 -> 0
A26: 19 | B26: =+'Información inicial'!B363 | C26: =+'Información inicial'!D365 -> 0 | D26: =+'Información inicial'!E365 -> 0 | E26: =+'Información inicial'!F365 -> 0 | F26: =+'Información inicial'!G365 -> 0 | G26: =+'Información inicial'!H365 -> 0
A27: 20 | B27: =+'Información inicial'!B367 | C27: =+'Información inicial'!D369 -> 0 | D27: =+'Información inicial'!E369 -> 0 | E27: =+'Información inicial'!F369 -> 0 | F27: =+'Información inicial'!G369 -> 0 | G27: =+'Información inicial'!H369 -> 0
A28: 21 | B28: =+'Información inicial'!B371 | C28: =+'Información inicial'!D373 -> 0 | D28: =+'Información inicial'!E373 -> 0 | E28: =+'Información inicial'!F373 -> 0 | F28: =+'Información inicial'!G373 -> 0 | G28: =+'Información inicial'!H373 -> 0
A29: 22 | B29: =+'Información inicial'!B375 | C29: =+'Información inicial'!D377 -> 0 | D29: =+'Información inicial'!E377 -> 0 | E29: =+'Información inicial'!F377 -> 0 | F29: =+'Información inicial'!G377 -> 0 | G29: =+'Información inicial'!H377 -> 0
A30: 23 | B30: =+'Información inicial'!B379 | C30: =+'Información inicial'!D381 -> 0 | D30: =+'Información inicial'!E381 -> 0 | E30: =+'Información inicial'!F381 -> 0 | F30: =+'Información inicial'!G381 -> 0 | G30: =+'Información inicial'!H381 -> 0
A31: 24 | B31: =+'Información inicial'!B383 | C31: =+'Información inicial'!D385 -> 0 | D31: =+'Información inicial'!E385 -> 0 | E31: =+'Información inicial'!F385 -> 0 | F31: =+'Información inicial'!G385 -> 0 | G31: =+'Información inicial'!H385 -> 0
A32: 25 | B32: =+'Información inicial'!B387 | C32: =+'Información inicial'!D389 -> 0 | D32: =+'Información inicial'!E389 -> 0 | E32: =+'Información inicial'!F389 -> 0 | F32: =+'Información inicial'!G389 -> 0 | G32: =+'Información inicial'!H389 -> 0
A33: 26 | B33: =+'Información inicial'!B391 | C33: =+'Información inicial'!D393 -> 0 | D33: =+'Información inicial'!E393 -> 0 | E33: =+'Información inicial'!F393 -> 0 | F33: =+'Información inicial'!G393 -> 0 | G33: =+'Información inicial'!H393 -> 0
A34: 27 | B34: =+'Información inicial'!B395 | C34: =+'Información inicial'!D397 -> 0 | D34: =+'Información inicial'!E397 -> 0 | E34: =+'Información inicial'!F397 -> 0 | F34: =+'Información inicial'!G397 -> 0 | G34: =+'Información inicial'!H397 -> 0
A35: 28 | B35: =+'Información inicial'!B399 | C35: =+'Información inicial'!D401 -> 0 | D35: =+'Información inicial'!E401 -> 0 | E35: =+'Información inicial'!F401 -> 0 | F35: =+'Información inicial'!G401 -> 0 | G35: =+'Información inicial'!H401 -> 0
A36: 29 | B36: =+'Información inicial'!B403 | C36: =+'Información inicial'!D405 -> 0 | D36: =+'Información inicial'!E405 -> 0 | E36: =+'Información inicial'!F405 -> 0 | F36: =+'Información inicial'!G405 -> 0 | G36: =+'Información inicial'!H405 -> 0
A37: 30 | B37: =+'Información inicial'!B407 | C37: =+'Información inicial'!D409 -> 0 | D37: =+'Información inicial'!E409 -> 0 | E37: =+'Información inicial'!F409 -> 0 | F37: =+'Información inicial'!G409 -> 0 | G37: =+'Información inicial'!H409 -> 0
A38: 31 | B38: =+'Información inicial'!B411 | C38: =+'Información inicial'!D413 -> 0 | D38: =+'Información inicial'!E413 -> 0 | E38: =+'Información inicial'!F413 -> 0 | F38: =+'Información inicial'!G413 -> 0 | G38: =+'Información inicial'!H413 -> 0
A39: 32 | B39: =+'Información inicial'!B415 | C39: =+'Información inicial'!D417 -> 0 | D39: =+'Información inicial'!E417 -> 0 | E39: =+'Información inicial'!F417 -> 0 | F39: =+'Información inicial'!G417 -> 0 | G39: =+'Información inicial'!H417 -> 0
A40: 33 | B40: =+'Información inicial'!B419 | C40: =+'Información inicial'!D421 -> 0 | D40: =+'Información inicial'!E421 -> 0 | E40: =+'Información inicial'!F421 -> 0 | F40: =+'Información inicial'!G421 -> 0 | G40: =+'Información inicial'!H421 -> 0
A41: 34 | B41: =+'Información inicial'!B423 | C41: =+'Información inicial'!D425 -> 0 | D41: =+'Información inicial'!E425 -> 0 | E41: =+'Información inicial'!F425 -> 0 | F41: =+'Información inicial'!G425 -> 0 | G41: =+'Información inicial'!H425 -> 0
A42: 35 | B42: =+'Información inicial'!B427 | C42: =+'Información inicial'!D429 -> 0 | D42: =+'Información inicial'!E429 -> 0 | E42: =+'Información inicial'!F429 -> 0 | F42: =+'Información inicial'!G429 -> 0 | G42: =+'Información inicial'!H429 -> 0
A43: 36 | B43: =+'Información inicial'!B431 | C43: =+'Información inicial'!D433 -> 0 | D43: =+'Información inicial'!E433 -> 0 | E43: =+'Información inicial'!F433 -> 0 | F43: =+'Información inicial'!G433 -> 0 | G43: =+'Información inicial'!H433 -> 0
A44: 37 | B44: =+'Información inicial'!B435 | C44: =+'Información inicial'!D437 -> 0 | D44: =+'Información inicial'!E437 -> 0 | E44: =+'Información inicial'!F437 -> 0 | F44: =+'Información inicial'!G437 -> 0 | G44: =+'Información inicial'!H437 -> 0
A45: 38 | B45: =+'Información inicial'!B439 | C45: =+'Información inicial'!D441 -> 0 | D45: =+'Información inicial'!E441 -> 0 | E45: =+'Información inicial'!F441 -> 0 | F45: =+'Información inicial'!G441 -> 0 | G45: =+'Información inicial'!H441 -> 0
A46: 39 | B46: =+'Información inicial'!B443 | C46: =+'Información inicial'!D445 -> 0 | D46: =+'Información inicial'!E445 -> 0 | E46: =+'Información inicial'!F445 -> 0 | F46: =+'Información inicial'!G445 -> 0 | G46: =+'Información inicial'!H445 -> 0
A47: 40 | B47: =+'Información inicial'!B447 | C47: =+'Información inicial'!D449 -> 0 | D47: =+'Información inicial'!E449 -> 0 | E47: =+'Información inicial'!F449 -> 0 | F47: =+'Información inicial'!G449 -> 0 | G47: =+'Información inicial'!H449 -> 0
A48: 41 | B48: =+'Información inicial'!B451 | C48: =+'Información inicial'!D453 -> 0 | D48: =+'Información inicial'!E453 -> 0 | E48: =+'Información inicial'!F453 -> 0 | F48: =+'Información inicial'!G453 -> 0 | G48: =+'Información inicial'!H453 -> 0
A49: 42 | B49: =+'Información inicial'!B455 | C49: =+'Información inicial'!D457 -> 0 | D49: =+'Información inicial'!E457 -> 0 | E49: =+'Información inicial'!F457 -> 0 | F49: =+'Información inicial'!G457 -> 0 | G49: =+'Información inicial'!H457 -> 0
A50: 43 | B50: =+'Información inicial'!B459 | C50: =+'Información inicial'!D461 -> 0 | D50: =+'Información inicial'!E461 -> 0 | E50: =+'Información inicial'!F461 -> 0 | F50: =+'Información inicial'!G461 -> 0 | G50: =+'Información inicial'!H461 -> 0
A51: 44 | B51: =+'Información inicial'!B463 | C51: =+'Información inicial'!D465 -> 0 | D51: =+'Información inicial'!E465 -> 0 | E51: =+'Información inicial'!F465 -> 0 | F51: =+'Información inicial'!G465 -> 0 | G51: =+'Información inicial'!H465 -> 0
A52: 45 | B52: =+'Información inicial'!B467 | C52: =+'Información inicial'!D469 -> 0 | D52: =+'Información inicial'!E469 -> 0 | E52: =+'Información inicial'!F469 -> 0 | F52: =+'Información inicial'!G469 -> 0 | G52: =+'Información inicial'!H469 -> 0
A53: 46 | B53: =+'Información inicial'!B471 | C53: =+'Información inicial'!D473 -> 0 | D53: =+'Información inicial'!E473 -> 0 | E53: =+'Información inicial'!F473 -> 0 | F53: =+'Información inicial'!G473 -> 0 | G53: =+'Información inicial'!H473 -> 0
A54: 47 | B54: =+'Información inicial'!B475 | C54: =+'Información inicial'!D477 -> 0 | D54: =+'Información inicial'!E477 -> 0 | E54: =+'Información inicial'!F477 -> 0 | F54: =+'Información inicial'!G477 -> 0 | G54: =+'Información inicial'!H477 -> 0
A55: 48 | B55: =+'Información inicial'!B479 | C55: =+'Información inicial'!D481 -> 0 | D55: =+'Información inicial'!E481 -> 0 | E55: =+'Información inicial'!F481 -> 0 | F55: =+'Información inicial'!G481 -> 0 | G55: =+'Información inicial'!H481 -> 0
A56: 49 | B56: =+'Información inicial'!B483 | C56: =+'Información inicial'!D485 -> 0 | D56: =+'Información inicial'!E485 -> 0 | E56: =+'Información inicial'!F485 -> 0 | F56: =+'Información inicial'!G485 -> 0 | G56: =+'Información inicial'!H485 -> 0
A57: 50 | B57: =+'Información inicial'!B487 | C57: =+'Información inicial'!D489 -> 0 | D57: =+'Información inicial'!E489 -> 0 | E57: =+'Información inicial'!F489 -> 0 | F57: =+'Información inicial'!G489 -> 0 | G57: =+'Información inicial'!H489 -> 0
A58: 51 | B58: =+'Información inicial'!B491 | C58: =+'Información inicial'!D493 -> 0 | D58: =+'Información inicial'!E493 -> 0 | E58: =+'Información inicial'!F493 -> 0 | F58: =+'Información inicial'!G493 -> 0 | G58: =+'Información inicial'!H493 -> 0
A59: 52 | B59: =+'Información inicial'!B495 | C59: =+'Información inicial'!D497 -> 0 | D59: =+'Información inicial'!E497 -> 0 | E59: =+'Información inicial'!F497 -> 0 | F59: =+'Información inicial'!G497 -> 0 | G59: =+'Información inicial'!H497 -> 0
A60: 53 | B60: =+'Información inicial'!B499 | C60: =+'Información inicial'!D501 -> 0 | D60: =+'Información inicial'!E501 -> 0 | E60: =+'Información inicial'!F501 -> 0 | F60: =+'Información inicial'!G501 -> 0 | G60: =+'Información inicial'!H501 -> 0
A61: 54 | B61: =+'Información inicial'!B503 | C61: =+'Información inicial'!D505 -> 0 | D61: =+'Información inicial'!E505 -> 0 | E61: =+'Información inicial'!F505 -> 0 | F61: =+'Información inicial'!G505 -> 0 | G61: =+'Información inicial'!H505 -> 0
A62: 55 | B62: =+'Información inicial'!B507 | C62: =+'Información inicial'!D509 -> 0 | D62: =+'Información inicial'!E509 -> 0 | E62: =+'Información inicial'!F509 -> 0 | F62: =+'Información inicial'!G509 -> 0 | G62: =+'Información inicial'!H509 -> 0
A63: 56 | B63: =+'Información inicial'!B511 | C63: =+'Información inicial'!D513 -> 0 | D63: =+'Información inicial'!E513 -> 0 | E63: =+'Información inicial'!F513 -> 0 | F63: =+'Información inicial'!G513 -> 0 | G63: =+'Información inicial'!H513 -> 0
A64: 57 | B64: =+'Información inicial'!B515 | C64: =+'Información inicial'!D517 -> 0 | D64: =+'Información inicial'!E517 -> 0 | E64: =+'Información inicial'!F517 -> 0 | F64: =+'Información inicial'!G517 -> 0 | G64: =+'Información inicial'!H517 -> 0
A65: 58 | B65: =+'Información inicial'!B519 | C65: =+'Información inicial'!D521 -> 0 | D65: =+'Información inicial'!E521 -> 0 | E65: =+'Información inicial'!F521 -> 0 | F65: =+'Información inicial'!G521 -> 0 | G65: =+'Información inicial'!H521 -> 0
A66: 59 | B66: =+'Información inicial'!B523 | C66: =+'Información inicial'!D525 -> 0 | D66: =+'Información inicial'!E525 -> 0 | E66: =+'Información inicial'!F525 -> 0 | F66: =+'Información inicial'!G525 -> 0 | G66: =+'Información inicial'!H525 -> 0
A67: 60 | B67: =+'Información inicial'!B527 | C67: =+'Información inicial'!D529 -> 0 | D67: =+'Información inicial'!E529 -> 0 | E67: =+'Información inicial'!F529 -> 0 | F67: =+'Información inicial'!G529 -> 0 | G67: =+'Información inicial'!H529 -> 0
A68: 61 | B68: =+'Información inicial'!B531 | C68: =+'Información inicial'!D533 -> 0 | D68: =+'Información inicial'!E533 -> 0 | E68: =+'Información inicial'!F533 -> 0 | F68: =+'Información inicial'!G533 -> 0 | G68: =+'Información inicial'!H533 -> 0
A69: 62 | B69: =+'Información inicial'!B535 | C69: =+'Información inicial'!D537 -> 0 | D69: =+'Información inicial'!E537 -> 0 | E69: =+'Información inicial'!F537 -> 0 | F69: =+'Información inicial'!G537 -> 0 | G69: =+'Información inicial'!H537 -> 0
A70: 63 | B70: =+'Información inicial'!B539 | C70: =+'Información inicial'!D541 -> 0 | D70: =+'Información inicial'!E541 -> 0 | E70: =+'Información inicial'!F541 -> 0 | F70: =+'Información inicial'!G541 -> 0 | G70: =+'Información inicial'!H541 -> 0
A71: 64 | B71: =+'Información inicial'!B543 | C71: =+'Información inicial'!D545 -> 0 | D71: =+'Información inicial'!E545 -> 0 | E71: =+'Información inicial'!F545 -> 0 | F71: =+'Información inicial'!G545 -> 0 | G71: =+'Información inicial'!H545 -> 0
A72: 65 | B72: =+'Información inicial'!B547 | C72: =+'Información inicial'!D549 -> 0 | D72: =+'Información inicial'!E549 -> 0 | E72: =+'Información inicial'!F549 -> 0 | F72: =+'Información inicial'!G549 -> 0 | G72: =+'Información inicial'!H549 -> 0
A73: 66 | B73: =+'Información inicial'!B551 | C73: =+'Información inicial'!D553 -> 0 | D73: =+'Información inicial'!E553 -> 0 | E73: =+'Información inicial'!F553 -> 0 | F73: =+'Información inicial'!G553 -> 0 | G73: =+'Información inicial'!H553 -> 0
A74: 67 | B74: =+'Información inicial'!B555 | C74: =+'Información inicial'!D557 -> 0 | D74: =+'Información inicial'!E557 -> 0 | E74: =+'Información inicial'!F557 -> 0 | F74: =+'Información inicial'!G557 -> 0 | G74: =+'Información inicial'!H557 -> 0
A75: 68 | B75: =+'Información inicial'!B559 | C75: =+'Información inicial'!D561 -> 0 | D75: =+'Información inicial'!E561 -> 0 | E75: =+'Información inicial'!F561 -> 0 | F75: =+'Información inicial'!G561 -> 0 | G75: =+'Información inicial'!H561 -> 0
A76: 69 | B76: =+'Información inicial'!B563 | C76: =+'Información inicial'!D565 -> 0 | D76: =+'Información inicial'!E565 -> 0 | E76: =+'Información inicial'!F565 -> 0 | F76: =+'Información inicial'!G565 -> 0 | G76: =+'Información inicial'!H565 -> 0
A77: 70 | B77: =+'Información inicial'!B567 | C77: =+'Información inicial'!D569 -> 0 | D77: =+'Información inicial'!E569 -> 0 | E77: =+'Información inicial'!F569 -> 0 | F77: =+'Información inicial'!G569 -> 0 | G77: =+'Información inicial'!H569 -> 0
A78: 71 | B78: =+'Información inicial'!B571 | C78: =+'Información inicial'!D573 -> 0 | D78: =+'Información inicial'!E573 -> 0 | E78: =+'Información inicial'!F573 -> 0 | F78: =+'Información inicial'!G573 -> 0 | G78: =+'Información inicial'!H573 -> 0
A79: 72 | B79: =+'Información inicial'!B575 | C79: =+'Información inicial'!D577 -> 0 | D79: =+'Información inicial'!E577 -> 0 | E79: =+'Información inicial'!F577 -> 0 | F79: =+'Información inicial'!G577 -> 0 | G79: =+'Información inicial'!H577 -> 0
A80: 73 | B80: =+'Información inicial'!B579 | C80: =+'Información inicial'!D581 -> 0 | D80: =+'Información inicial'!E581 -> 0 | E80: =+'Información inicial'!F581 -> 0 | F80: =+'Información inicial'!G581 -> 0 | G80: =+'Información inicial'!H581 -> 0
A81: 74 | B81: =+'Información inicial'!B583 | C81: =+'Información inicial'!D585 -> 0 | D81: =+'Información inicial'!E585 -> 0 | E81: =+'Información inicial'!F585 -> 0 | F81: =+'Información inicial'!G585 -> 0 | G81: =+'Información inicial'!H585 -> 0
A82: 75 | B82: =+'Información inicial'!B587 | C82: =+'Información inicial'!D589 -> 0 | D82: =+'Información inicial'!E589 -> 0 | E82: =+'Información inicial'!F589 -> 0 | F82: =+'Información inicial'!G589 -> 0 | G82: =+'Información inicial'!H589 -> 0
A83: 76 | B83: =+'Información inicial'!B591 | C83: =+'Información inicial'!D593 -> 0 | D83: =+'Información inicial'!E593 -> 0 | E83: =+'Información inicial'!F593 -> 0 | F83: =+'Información inicial'!G593 -> 0 | G83: =+'Información inicial'!H593 -> 0
A84: 77 | B84: =+'Información inicial'!B595 | C84: =+'Información inicial'!D597 -> 0 | D84: =+'Información inicial'!E597 -> 0 | E84: =+'Información inicial'!F597 -> 0 | F84: =+'Información inicial'!G597 -> 0 | G84: =+'Información inicial'!H597 -> 0
A85: 78 | B85: =+'Información inicial'!B599 | C85: =+'Información inicial'!D601 -> 0 | D85: =+'Información inicial'!E601 -> 0 | E85: =+'Información inicial'!F601 -> 0 | F85: =+'Información inicial'!G601 -> 0 | G85: =+'Información inicial'!H601 -> 0
A86: 79 | B86: =+'Información inicial'!B603 | C86: =+'Información inicial'!D605 -> 0 | D86: =+'Información inicial'!E605 -> 0 | E86: =+'Información inicial'!F605 -> 0 | F86: =+'Información inicial'!G605 -> 0 | G86: =+'Información inicial'!H605 -> 0
A87: 80 | B87: =+'Información inicial'!B607 | C87: =+'Información inicial'!D609 -> 0 | D87: =+'Información inicial'!E609 -> 0 | E87: =+'Información inicial'!F609 -> 0 | F87: =+'Información inicial'!G609 -> 0 | G87: =+'Información inicial'!H609 -> 0
A88: 81 | B88: =+'Información inicial'!B611 | C88: =+'Información inicial'!D613 -> 0 | D88: =+'Información inicial'!E613 -> 0 | E88: =+'Información inicial'!F613 -> 0 | F88: =+'Información inicial'!G613 -> 0 | G88: =+'Información inicial'!H613 -> 0
A89: 82 | B89: =+'Información inicial'!B615 | C89: =+'Información inicial'!D617 -> 0 | D89: =+'Información inicial'!E617 -> 0 | E89: =+'Información inicial'!F617 -> 0 | F89: =+'Información inicial'!G617 -> 0 | G89: =+'Información inicial'!H617 -> 0
A90: 83 | B90: =+'Información inicial'!B619 | C90: =+'Información inicial'!D621 -> 0 | D90: =+'Información inicial'!E621 -> 0 | E90: =+'Información inicial'!F621 -> 0 | F90: =+'Información inicial'!G621 -> 0 | G90: =+'Información inicial'!H621 -> 0
A91: 84 | B91: =+'Información inicial'!B623 | C91: =+'Información inicial'!D625 -> 0 | D91: =+'Información inicial'!E625 -> 0 | E91: =+'Información inicial'!F625 -> 0 | F91: =+'Información inicial'!G625 -> 0 | G91: =+'Información inicial'!H625 -> 0
A92: 85 | B92: =+'Información inicial'!B627 | C92: =+'Información inicial'!D629 -> 0 | D92: =+'Información inicial'!E629 -> 0 | E92: =+'Información inicial'!F629 -> 0 | F92: =+'Información inicial'!G629 -> 0 | G92: =+'Información inicial'!H629 -> 0
A93: 86 | B93: =+'Información inicial'!B631 | C93: =+'Información inicial'!D633 -> 0 | D93: =+'Información inicial'!E633 -> 0 | E93: =+'Información inicial'!F633 -> 0 | F93: =+'Información inicial'!G633 -> 0 | G93: =+'Información inicial'!H633 -> 0
A94: 87 | B94: =+'Información inicial'!B635 | C94: =+'Información inicial'!D637 -> 0 | D94: =+'Información inicial'!E637 -> 0 | E94: =+'Información inicial'!F637 -> 0 | F94: =+'Información inicial'!G637 -> 0 | G94: =+'Información inicial'!H637 -> 0
A95: 88 | B95: =+'Información inicial'!B639 | C95: =+'Información inicial'!D641 -> 0 | D95: =+'Información inicial'!E641 -> 0 | E95: =+'Información inicial'!F641 -> 0 | F95: =+'Información inicial'!G641 -> 0 | G95: =+'Información inicial'!H641 -> 0
A96: 89 | B96: =+'Información inicial'!B643 | C96: =+'Información inicial'!D645 -> 0 | D96: =+'Información inicial'!E645 -> 0 | E96: =+'Información inicial'!F645 -> 0 | F96: =+'Información inicial'!G645 -> 0 | G96: =+'Información inicial'!H645 -> 0
A97: 90 | B97: =+'Información inicial'!B647 | C97: =+'Información inicial'!D649 -> 0 | D97: =+'Información inicial'!E649 -> 0 | E97: =+'Información inicial'!F649 -> 0 | F97: =+'Información inicial'!G649 -> 0 | G97: =+'Información inicial'!H649 -> 0
A98: 91 | B98: =+'Información inicial'!B651 | C98: =+'Información inicial'!D653 -> 0 | D98: =+'Información inicial'!E653 -> 0 | E98: =+'Información inicial'!F653 -> 0 | F98: =+'Información inicial'!G653 -> 0 | G98: =+'Información inicial'!H653 -> 0
A99: 92 | B99: =+'Información inicial'!B655 | C99: =+'Información inicial'!D657 -> 0 | D99: =+'Información inicial'!E657 -> 0 | E99: =+'Información inicial'!F657 -> 0 | F99: =+'Información inicial'!G657 -> 0 | G99: =+'Información inicial'!H657 -> 0
A100: 93 | B100: =+'Información inicial'!B659 | C100: =+'Información inicial'!D661 -> 0 | D100: =+'Información inicial'!E661 -> 0 | E100: =+'Información inicial'!F661 -> 0 | F100: =+'Información inicial'!G661 -> 0 | G100: =+'Información inicial'!H661 -> 0
A101: 94 | B101: =+'Información inicial'!B663 | C101: =+'Información inicial'!D665 -> 0 | D101: =+'Información inicial'!E665 -> 0 | E101: =+'Información inicial'!F665 -> 0 | F101: =+'Información inicial'!G665 -> 0 | G101: =+'Información inicial'!H665 -> 0
A102: 95 | B102: =+'Información inicial'!B667 | C102: =+'Información inicial'!D669 -> 0 | D102: =+'Información inicial'!E669 -> 0 | E102: =+'Información inicial'!F669 -> 0 | F102: =+'Información inicial'!G669 -> 0 | G102: =+'Información inicial'!H669 -> 0
A103: 96 | B103: =+'Información inicial'!B671 | C103: =+'Información inicial'!D673 -> 0 | D103: =+'Información inicial'!E673 -> 0 | E103: =+'Información inicial'!F673 -> 0 | F103: =+'Información inicial'!G673 -> 0 | G103: =+'Información inicial'!H673 -> 0
A104: 97 | B104: =+'Información inicial'!B675 | C104: =+'Información inicial'!D677 -> 0 | D104: =+'Información inicial'!E677 -> 0 | E104: =+'Información inicial'!F677 -> 0 | F104: =+'Información inicial'!G677 -> 0 | G104: =+'Información inicial'!H677 -> 0
...

Sheet Egresos
B2: =+Ingresos!B2 -> ConectaDos
B4: EGRESOS
C6: =+'Información inicial'!D16 -> 2027 | D6: =+'Información inicial'!E16 -> 2028 | E6: =+'Información inicial'!F16 -> 2029 | F6: =+'Información inicial'!G16 -> 2030 | G6: =+'Información inicial'!H16 -> 2031
B8: Costos variables | C8: =+'Información inicial'!D2316 -> 175664400 | D8: =+'Información inicial'!E2316 -> 2.128298e+08 | E8: =+'Información inicial'!F2316 -> 2.6544056e+08 | F8: =+'Información inicial'!G2316 -> 3.1746531e+08 | G8: =+'Información inicial'!H2316 -> 3.8089107e+08
B10: Costos fijos | C10: =SUM(C12:C23) -> 0 | D10: =SUM(D12:D23) -> 0 | E10: =SUM(E12:E23) -> 0 | F10: =SUM(F12:F23) -> 0 | G10: =SUM(G12:G23) -> 0
B12: =+'Información inicial'!B2323 -> 0 | C12: =+'Información inicial'!D2323 -> 0 | D12: =+'Información inicial'!E2323 -> 0 | E12: =+'Información inicial'!F2323 -> 0 | F12: =+'Información inicial'!G2323 -> 0 | G12: =+'Información inicial'!H2323 -> 0
B13: =+'Información inicial'!B2324 -> 0 | C13: =+'Información inicial'!D2324 -> 0 | D13: =+'Información inicial'!E2324 -> 0 | E13: =+'Información inicial'!F2324 -> 0 | F13: =+'Información inicial'!G2324 -> 0 | G13: =+'Información inicial'!H2324 -> 0
B14: =+'Información inicial'!B2325 -> 0 | C14: =+'Información inicial'!D2325 -> 0 | D14: =+'Información inicial'!E2325 -> 0 | E14: =+'Información inicial'!F2325 -> 0 | F14: =+'Información inicial'!G2325 -> 0 | G14: =+'Información inicial'!H2325 -> 0
B15: =+'Información inicial'!B2326 -> 0 | C15: =+'Información inicial'!D2326 -> 0 | D15: =+'Información inicial'!E2326 -> 0 | E15: =+'Información inicial'!F2326 -> 0 | F15: =+'Información inicial'!G2326 -> 0 | G15: =+'Información inicial'!H2326 -> 0
B16: =+'Información inicial'!B2327 -> 0 | C16: =+'Información inicial'!D2327 -> 0 | D16: =+'Información inicial'!E2327 -> 0 | E16: =+'Información inicial'!F2327 -> 0 | F16: =+'Información inicial'!G2327 -> 0 | G16: =+'Información inicial'!H2327 -> 0
B17: =+'Información inicial'!B2328 -> 0 | C17: =+'Información inicial'!D2328 -> 0 | D17: =+'Información inicial'!E2328 -> 0 | E17: =+'Información inicial'!F2328 -> 0 | F17: =+'Información inicial'!G2328 -> 0 | G17: =+'Información inicial'!H2328 -> 0
B18: =+'Información inicial'!B2329 -> 0 | C18: =+'Información inicial'!D2329 -> 0 | D18: =+'Información inicial'!E2329 -> 0 | E18: =+'Información inicial'!F2329 -> 0 | F18: =+'Información inicial'!G2329 -> 0 | G18: =+'Información inicial'!H2329 -> 0
B19: =+'Información inicial'!B2330 -> 0 | C19: =+'Información inicial'!D2330 -> 0 | D19: =+'Información inicial'!E2330 -> 0 | E19: =+'Información inicial'!F2330 -> 0 | F19: =+'Información inicial'!G2330 -> 0 | G19: =+'Información inicial'!H2330 -> 0
B20: =+'Información inicial'!B2331 -> 0 | C20: =+'Información inicial'!D2331 -> 0 | D20: =+'Información inicial'!E2331 -> 0 | E20: =+'Información inicial'!F2331 -> 0 | F20: =+'Información inicial'!G2331 -> 0 | G20: =+'Información inicial'!H2331 -> 0
B21: =+'Información inicial'!B2332 -> 0 | C21: =+'Información inicial'!D2332 -> 0 | D21: =+'Información inicial'!E2332 -> 0 | E21: =+'Información inicial'!F2332 -> 0 | F21: =+'Información inicial'!G2332 -> 0 | G21: =+'Información inicial'!H2332 -> 0
B22: =+'Información inicial'!B2333 -> 0 | C22: =+'Información inicial'!D2333 -> 0 | D22: =+'Información inicial'!E2333 -> 0 | E22: =+'Información inicial'!F2333 -> 0 | F22: =+'Información inicial'!G2333 -> 0 | G22: =+'Información inicial'!H2333 -> 0
B23: =+'Información inicial'!B2334 -> 0 | C23: =+'Información inicial'!D2334 -> 0 | D23: =+'Información inicial'!E2334 -> 0 | E23: =+'Información inicial'!F2334 -> 0 | F23: =+'Información inicial'!G2334 -> 0 | G23: =+'Información inicial'!H2334 -> 0
B25: TOTAL COSTOS | C25: =+C10+C8 -> 175664400 | D25: =+D10+D8 -> 2.128298e+08 | E25: =+E10+E8 -> 2.6544056e+08 | F25: =+F10+F8 -> 3.1746531e+08 | G25: =+G10+G8 -> 3.8089107e+08
B27: Gastos operativos | C27: =SUM(C29:C49) -> 9.860635e+08 | D27: =SUM(D29:D49) -> 1.0522697e+09 | E27: =SUM(E29:E49) -> 1.1277021e+09 | F27: =SUM(F29:F49) -> 1.1778206e+09 | G27: =SUM(G29:G49) -> 1.2457085e+09
B29: =+'Información inicial'!B2344 -> Arriendo oficina | C29: =+'Información inicial'!D2344 -> 30000000 | D29: =+'Información inicial'!E2344 -> 31440000 | E29: =+'Información inicial'!F2344 -> 32791920 | F29: =+'Información inicial'!G2344 -> 33775678 | G29: =+'Información inicial'!H2344 -> 34788948
B30: =+'Información inicial'!B2345 -> Vehículo Renting | C30: =+'Información inicial'!D2345 -> 26400000 | D30: =+'Información inicial'!E2345 -> 27667200 | E30: =+'Información inicial'!F2345 -> 28856890 | F30: =+'Información inicial'!G2345 -> 29722596 | G30: =+'Información inicial'!H2345 -> 30614274
B31: =+'Información inicial'!B2346 -> Contai - Contabilidad | C31: =+'Información inicial'!D2346 -> 14400000 | D31: =+'Información inicial'!E2346 -> 15091200 | E31: =+'Información inicial'!F2346 -> 15740122 | F31: =+'Información inicial'!G2346 -> 16212325 | G31: =+'Información inicial'!H2346 -> 16698695
B32: =+'Información inicial'!B2347 -> Cafeteria | C32: =+'Información inicial'!D2347 -> 6000000 | D32: =+'Información inicial'!E2347 -> 6288000 | E32: =+'Información inicial'!F2347 -> 6558384 | F32: =+'Información inicial'!G2347 -> 6755135.5 | G32: =+'Información inicial'!H2347 -> 6957789.6
B33: =+'Información inicial'!B2348 -> Abogados | C33: =+'Información inicial'!D2348 -> 9600000 | D33: =+'Información inicial'!E2348 -> 10060800 | E33: =+'Información inicial'!F2348 -> 10493414 | F33: =+'Información inicial'!G2348 -> 10808217 | G33: =+'Información inicial'!H2348 -> 11132463
B34: =+'Información inicial'!B2349 -> Gestión Humana - SST | C34: =+'Información inicial'!D2349 -> 18000000 | D34: =+'Información inicial'!E2349 -> 18864000 | E34: =+'Información inicial'!F2349 -> 19675152 | F34: =+'Información inicial'!G2349 -> 20265407 | G34: =+'Información inicial'!H2349 -> 20873369
B35: =+'Información inicial'!B2350 -> Comunicaciones celulares e internet | C35: =+'Información inicial'!D2350 -> 10800000 | D35: =+'Información inicial'!E2350 -> 11318400 | E35: =+'Información inicial'!F2350 -> 11805091 | F35: =+'Información inicial'!G2350 -> 12159244 | G35: =+'Información inicial'!H2350 -> 12524021
B36: =+'Información inicial'!B2351 -> Seguros | C36: =+'Información inicial'!D2351 -> 8400000 | D36: =+'Información inicial'!E2351 -> 8803200 | E36: =+'Información inicial'!F2351 -> 9181737.6 | F36: =+'Información inicial'!G2351 -> 9457189.7 | G36: =+'Información inicial'!H2351 -> 9740905.4
B37: =+'Información inicial'!B2352 -> Papeleria - varios | C37: =+'Información inicial'!D2352 -> 400000 | D37: =+'Información inicial'!E2352 -> 419200 | E37: =+'Información inicial'!F2352 -> 437225.6 | F37: =+'Información inicial'!G2352 -> 450342.37 | G37: =+'Información inicial'!H2352 -> 463852.64
B38: =+'Información inicial'!B2353 -> Utiles de Oficina | C38: =+'Información inicial'!D2353 -> 500000 | D38: =+'Información inicial'!E2353 -> 524000 | E38: =+'Información inicial'!F2353 -> 546532 | F38: =+'Información inicial'!G2353 -> 562927.96 | G38: =+'Información inicial'!H2353 -> 579815.8
B39: =+'Información inicial'!B2354 -> Consultoria gerencial | C39: =+'Información inicial'!D2354 -> 1500000 | D39: =+'Información inicial'!E2354 -> 1572000 | E39: =+'Información inicial'!F2354 -> 1639596 | F39: =+'Información inicial'!G2354 -> 1688783.9 | G39: =+'Información inicial'!H2354 -> 1739447.4
B40: =+'Información inicial'!B2355 -> Revisora fiscal | C40: =+'Información inicial'!D2355 -> 1500000 | D40: =+'Información inicial'!E2355 -> 1572000 | E40: =+'Información inicial'!F2355 -> 1639596 | F40: =+'Información inicial'!G2355 -> 1688783.9 | G40: =+'Información inicial'!H2355 -> 1739447.4
B41: =+'Información inicial'!B2356 -> Servicios públicos | C41: =+'Información inicial'!D2356 -> 9600000 | D41: =+'Información inicial'!E2356 -> 10060800 | E41: =+'Información inicial'!F2356 -> 10493414 | F41: =+'Información inicial'!G2356 -> 10808217 | G41: =+'Información inicial'!H2356 -> 11132463
B42: =+'Información inicial'!B2357 -> Gasto de representación .- visita de vendedores - | C42: =+('Información inicial'!D2357)/12*2 -> 1400000
B43: =+'Información inicial'!B2358 -> Mantenimiento Plataforma | C43: =+'Información inicial'!D2358 -> 40000000 | D43: =+'Información inicial'!E2358 -> 41920000 | E43: =+'Información inicial'!F2358 -> 43722560 | F43: =+'Información inicial'!G2358 -> 45034237 | G43: =+'Información inicial'!H2358 -> 46385264
B44: =+'Información inicial'!B2359 -> 0 | C44: =+'Información inicial'!D2359 -> 0 | D44: =+'Información inicial'!E2359 -> 0 | E44: =+'Información inicial'!F2359 -> 0 | F44: =+'Información inicial'!G2359 -> 0 | G44: =+'Información inicial'!H2359 -> 0
B45: =+'Información inicial'!B2363 -> Gasto por depreciación | C45: =+'Información inicial'!D2363 -> 24790000 | D45: =+'Información inicial'!E2363 -> 24790000 | E45: =+'Información inicial'!F2363 -> 24790000 | F45: =+'Información inicial'!G2363 -> 0 | G45: =+'Información inicial'!H2363 -> 0
B46: =+'Información inicial'!B2364 -> Gasto por amortización | C46: =+'Información inicial'!D2364 -> 23000000 | D46: =+'Información inicial'!E2364 -> 0 | E46: =+'Información inicial'!F2364 -> 0 | F46: =+'Información inicial'!G2364 -> 0 | G46: =+'Información inicial'!H2364 -> 0
B47: =+'Información inicial'!B2365 -> Gasto por impuestos | C47: =+'Información inicial'!D2365 -> 1444657.6 | D47: =+'Información inicial'!E2365 -> 8655511.2 | E47: =+'Información inicial'!F2365 -> 11308102 | F47: =+'Información inicial'!G2365 -> 15055177 | G47: =+'Información inicial'!H2365 -> 19369140
B48: =+'Información inicial'!B2366 -> Gasto por estrategias de mercado | C48: =+'Información inicial'!D2366 -> 6000000 | D48: =+'Información inicial'!E2366 -> 6414000 | E48: =+'Información inicial'!F2366 -> 6721872 | F48: =+'Información inicial'!G2366 -> 7010912.5 | G48: =+'Información inicial'!H2366 -> 7221239.9
B49: =+'Información inicial'!B2367 -> Gasto por salarios | C49: =+'Información inicial'!D2367 -> 752328840 | D49: =+'Información inicial'!E2367 -> 8.268094e+08 | E49: =+'Información inicial'!F2367 -> 8.9130053e+08 | F49: =+'Información inicial'!G2367 -> 9.5636547e+08 | G49: =+'Información inicial'!H2367 -> 1.0137474e+09
B51: Gastos financieros | C51: =+'Plan Amortización'!D25 -> 52532251 | D51: =+'Plan Amortización'!D40 -> 43154974 | E51: =+'Plan Amortización'!D55 -> 32652424 | F51: =+'Plan Amortización'!D70 -> 20889567 | G51: =+'Plan Amortización'!D85 -> 7715168.1
B53: TOTAL GASTOS | C53: =+C51+C27 -> 1.0385957e+09 | D53: =+D51+D27 -> 1.0954247e+09 | E53: =+E51+E27 -> 1.1603546e+09 | F53: =+F51+F27 -> 1.1987102e+09 | G53: =+G51+G27 -> 1.2534237e+09
B55: TOTAL EGRESOS | C55: =+(C53+C25) -> 1.2142601e+09 | D55: =+D53+D25 -> 1.3082545e+09 | E55: =+E53+E25 -> 1.4257951e+09 | F55: =+F53+F25 -> 1.5161755e+09 | G55: =+G53+G25 -> 1.6343148e+09
B58: Análisis vertical año 1
B59: Costos variables | C59: =+C8/C55 -> 0.14466785
B60: Costos fijos | C60: =+C10/C55 -> 0
B61: Gastos administrativos | C61: =+C27/C55 -> 0.81206939
B62: Gastos financieros | C62: =+C51/C55 -> 0.043262765
B64: Análisis horizontal egresos
B65: =+C6 -> 2027
B66: =+D6 -> 2028 | C66: =+D55/C55-1 -> 0.077408726
B67: =+E6 -> 2029 | C67: =+E55/D55-1 -> 0.089845395
B68: =+F6 -> 2030 | C68: =+F55/E55-1 -> 0.063389468
B69: =+G6 -> 2031 | C69: =+G55/F55-1 -> 0.077919247

Sheet Plan Amortización
B2: =+Egresos!B2 -> ConectaDos
B3: PLAN DE AMORTIZACIÓN
B5: VALOR PRESTAMO | C5: =+'Información inicial'!C2523 -> 4.9643675e+08
B6: PLAZO | C6: =+'Información inicial'!C2525 -> 60
B7: TASA | C7: =+'Información inicial'!D2527 -> 0.0094887929
B8: CUOTA MES | C8: =+'Información inicial'!F2523 -> 10889686
B10: CUOTA | C10: INICIAL | D10: INTERES | E10: CAPITAL | F10: SALDO
B12: 1 | C12: =+C5 -> 4.9643675e+08 | D12: =+C12*$C$7 -> 4710585.5 | E12: =+$C$8-D12 -> 6179100 | F12: =+C12-E12 -> 4.9025765e+08
B13: =IF(B12=0,0,(IF($C$6>B12,B12+1,0))) -> 2 | C13: =+F12 -> 4.9025765e+08 | D13: =+C13*$C$7 -> 4651953.3 | E13: =IF(F12>0,($C$8-D13),0) -> 6237732.2 | F13: =+C13-E13 -> 4.8401992e+08
B14: =IF(B13=0,0,(IF($C$6>B13,B13+1,0))) -> 3 | C14: =+F13 -> 4.8401992e+08 | D14: =+C14*$C$7 -> 4592764.8 | E14: =IF(F13>0,($C$8-D14),0) -> 6296920.8 | F14: =+C14-E14 -> 4.77723e+08
B15: =IF(B14=0,0,(IF($C$6>B14,B14+1,0))) -> 4 | C15: =+F14 -> 4.77723e+08 | D15: =+C15*$C$7 -> 4533014.6 | E15: =IF(F14>0,($C$8-D15),0) -> 6356671 | F15: =+C15-E15 -> 4.7136632e+08
B16: =IF(B15=0,0,(IF($C$6>B15,B15+1,0))) -> 5 | C16: =+F15 -> 4.7136632e+08 | D16: =+C16*$C$7 -> 4472697.5 | E16: =IF(F15>0,($C$8-D16),0) -> 6416988.1 | F16: =+C16-E16 -> 4.6494934e+08
B17: =IF(B16=0,0,(IF($C$6>B16,B16+1,0))) -> 6 | C17: =+F16 -> 4.6494934e+08 | D17: =+C17*$C$7 -> 4411808 | E17: =IF(F16>0,($C$8-D17),0) -> 6477877.6 | F17: =+C17-E17 -> 4.5847146e+08
B18: =IF(B17=0,0,(IF($C$6>B17,B17+1,0))) -> 7 | C18: =+F17 -> 4.5847146e+08 | D18: =+C18*$C$7 -> 4350340.7 | E18: =IF(F17>0,($C$8-D18),0) -> 6539344.8 | F18: =+C18-E18 -> 4.5193211e+08
B19: =IF(B18=0,0,(IF($C$6>B18,B18+1,0))) -> 8 | C19: =+F18 -> 4.5193211e+08 | D19: =+C19*$C$7 -> 4288290.3 | E19: =IF(F18>0,($C$8-D19),0) -> 6601395.3 | F19: =+C19-E19 -> 4.4533072e+08
B20: =IF(B19=0,0,(IF($C$6>B19,B19+1,0))) -> 9 | C20: =+F19 -> 4.4533072e+08 | D20: =+C20*$C$7 -> 4225651 | E20: =IF(F19>0,($C$8-D20),0) -> 6664034.6 | F20: =+C20-E20 -> 4.3866668e+08
B21: =IF(B20=0,0,(IF($C$6>B20,B20+1,0))) -> 10 | C21: =+F20 -> 4.3866668e+08 | D21: =+C21*$C$7 -> 4162417.3 | E21: =IF(F20>0,($C$8-D21),0) -> 6727268.2 | F21: =+C21-E21 -> 4.3193942e+08
B22: =IF(B21=0,0,(IF($C$6>B21,B21+1,0))) -> 11 | C22: =+F21 -> 4.3193942e+08 | D22: =+C22*$C$7 -> 4098583.7 | E22: =IF(F21>0,($C$8-D22),0) -> 6791101.9 | F22: =+C22-E22 -> 4.2514831e+08
B23: =IF(B22=0,0,(IF($C$6>B22,B22+1,0))) -> 12 | C23: =+F22 -> 4.2514831e+08 | D23: =+C23*$C$7 -> 4034144.3 | E23: =IF(F22>0,($C$8-D23),0) -> 6855541.2 | F23: =+C23-E23 -> 4.1829277e+08
B25: Año 1 | D25: =SUM(D12:D23) -> 52532251 | E25: =SUM(E12:E24) -> 78143976
B27: =IF(B23=0,0,(IF($C$6>B23,B23+1,0))) -> 13 | C27: =+F23 -> 4.1829277e+08 | D27: =+C27*$C$7 -> 3969093.5 | E27: =IF(F23>0,($C$8-D27),0) -> 6920592 | F27: =+C27-E27 -> 4.1137218e+08
B28: =IF(B27=0,0,(IF($C$6>B27,B27+1,0))) -> 14 | C28: =+F27 -> 4.1137218e+08 | D28: =+C28*$C$7 -> 3903425.4 | E28: =IF(F27>0,($C$8-D28),0) -> 6986260.1 | F28: =+C28-E28 -> 4.0438592e+08
B29: =IF(B28=0,0,(IF($C$6>B28,B28+1,0))) -> 15 | C29: =+F28 -> 4.0438592e+08 | D29: =+C29*$C$7 -> 3837134.3 | E29: =IF(F28>0,($C$8-D29),0) -> 7052551.3 | F29: =+C29-E29 -> 3.9733337e+08
B30: =IF(B29=0,0,(IF($C$6>B29,B29+1,0))) -> 16 | C30: =+F29 -> 3.9733337e+08 | D30: =+C30*$C$7 -> 3770214.1 | E30: =IF(F29>0,($C$8-D30),0) -> 7119471.5 | F30: =+C30-E30 -> 3.902139e+08
B31: =IF(B30=0,0,(IF($C$6>B30,B30+1,0))) -> 17 | C31: =+F30 -> 3.902139e+08 | D31: =+C31*$C$7 -> 3702658.9 | E31: =IF(F30>0,($C$8-D31),0) -> 7187026.7 | F31: =+C31-E31 -> 3.8302687e+08
B32: =IF(B31=0,0,(IF($C$6>B31,B31+1,0))) -> 18 | C32: =+F31 -> 3.8302687e+08 | D32: =+C32*$C$7 -> 3634462.7 | E32: =IF(F31>0,($C$8-D32),0) -> 7255222.9 | F32: =+C32-E32 -> 3.7577165e+08
B33: =IF(B32=0,0,(IF($C$6>B32,B32+1,0))) -> 19 | C33: =+F32 -> 3.7577165e+08 | D33: =+C33*$C$7 -> 3565619.4 | E33: =IF(F32>0,($C$8-D33),0) -> 7324066.2 | F33: =+C33-E33 -> 3.6844758e+08
B34: =IF(B33=0,0,(IF($C$6>B33,B33+1,0))) -> 20 | C34: =+F33 -> 3.6844758e+08 | D34: =+C34*$C$7 -> 3496122.8 | E34: =IF(F33>0,($C$8-D34),0) -> 7393562.7 | F34: =+C34-E34 -> 3.6105402e+08
B35: =IF(B34=0,0,(IF($C$6>B34,B34+1,0))) -> 21 | C35: =+F34 -> 3.6105402e+08 | D35: =+C35*$C$7 -> 3425966.8 | E35: =IF(F34>0,($C$8-D35),0) -> 7463718.7 | F35: =+C35-E35 -> 3.535903e+08
B36: =IF(B35=0,0,(IF($C$6>B35,B35+1,0))) -> 22 | C36: =+F35 -> 3.535903e+08 | D36: =+C36*$C$7 -> 3355145.2 | E36: =IF(F35>0,($C$8-D36),0) -> 7534540.4 | F36: =+C36-E36 -> 3.4605576e+08
B37: =IF(B36=0,0,(IF($C$6>B36,B36+1,0))) -> 23 | C37: =+F36 -> 3.4605576e+08 | D37: =+C37*$C$7 -> 3283651.5 | E37: =IF(F36>0,($C$8-D37),0) -> 7606034.1 | F37: =+C37-E37 -> 3.3844973e+08
B38: =IF(B37=0,0,(IF($C$6>B37,B37+1,0))) -> 24 | C38: =+F37 -> 3.3844973e+08 | D38: =+C38*$C$7 -> 3211479.4 | E38: =IF(F37>0,($C$8-D38),0) -> 7678206.2 | F38: =+C38-E38 -> 3.3077152e+08
B40: Año 2 | D40: =SUM(D27:D39) -> 43154974 | E40: =SUM(E27:E39) -> 87521253
B42: =IF(B38=0,0,(IF($C$6>B38,B38+1,0))) -> 25 | C42: =+F38 -> 3.3077152e+08 | D42: =+C42*$C$7 -> 3138622.5 | E42: =IF(F38>0,($C$8-D42),0) -> 7751063.1 | F42: =+C42-E42 -> 3.2302046e+08
B43: =IF(B42=0,0,(IF($C$6>B42,B42+1,0))) -> 26 | C43: =+F42 -> 3.2302046e+08 | D43: =+C43*$C$7 -> 3065074.2 | E43: =IF(F42>0,($C$8-D43),0) -> 7824611.3 | F43: =+C43-E43 -> 3.1519585e+08
B44: =IF(B43=0,0,(IF($C$6>B43,B43+1,0))) -> 27 | C44: =+F43 -> 3.1519585e+08 | D44: =+C44*$C$7 -> 2990828.1 | E44: =IF(F43>0,($C$8-D44),0) -> 7898857.4 | F44: =+C44-E44 -> 3.0729699e+08
B45: =IF(B44=0,0,(IF($C$6>B44,B44+1,0))) -> 28 | C45: =+F44 -> 3.0729699e+08 | D45: =+C45*$C$7 -> 2915877.5 | E45: =IF(F44>0,($C$8-D45),0) -> 7973808 | F45: =+C45-E45 -> 2.9932318e+08
B46: =IF(B45=0,0,(IF($C$6>B45,B45+1,0))) -> 29 | C46: =+F45 -> 2.9932318e+08 | D46: =+C46*$C$7 -> 2840215.7 | E46: =IF(F45>0,($C$8-D46),0) -> 8049469.9 | F46: =+C46-E46 -> 2.9127371e+08
B47: =IF(B46=0,0,(IF($C$6>B46,B46+1,0))) -> 30 | C47: =+F46 -> 2.9127371e+08 | D47: =+C47*$C$7 -> 2763835.9 | E47: =IF(F46>0,($C$8-D47),0) -> 8125849.6 | F47: =+C47-E47 -> 2.8314786e+08
B48: =IF(B47=0,0,(IF($C$6>B47,B47+1,0))) -> 31 | C48: =+F47 -> 2.8314786e+08 | D48: =+C48*$C$7 -> 2686731.4 | E48: =IF(F47>0,($C$8-D48),0) -> 8202954.1 | F48: =+C48-E48 -> 2.7494491e+08
B49: =IF(B48=0,0,(IF($C$6>B48,B48+1,0))) -> 32 | C49: =+F48 -> 2.7494491e+08 | D49: =+C49*$C$7 -> 2608895.3 | E49: =IF(F48>0,($C$8-D49),0) -> 8280790.2 | F49: =+C49-E49 -> 2.6666412e+08
B50: =IF(B49=0,0,(IF($C$6>B49,B49+1,0))) -> 33 | C50: =+F49 -> 2.6666412e+08 | D50: =+C50*$C$7 -> 2530320.6 | E50: =IF(F49>0,($C$8-D50),0) -> 8359365 | F50: =+C50-E50 -> 2.5830475e+08
B51: =IF(B50=0,0,(IF($C$6>B50,B50+1,0))) -> 34 | C51: =+F50 -> 2.5830475e+08 | D51: =+C51*$C$7 -> 2451000.3 | E51: =IF(F50>0,($C$8-D51),0) -> 8438685.2 | F51: =+C51-E51 -> 2.4986607e+08
B52: =IF(B51=0,0,(IF($C$6>B51,B51+1,0))) -> 35 | C52: =+F51 -> 2.4986607e+08 | D52: =+C52*$C$7 -> 2370927.4 | E52: =IF(F51>0,($C$8-D52),0) -> 8518758.2 | F52: =+C52-E52 -> 2.4134731e+08
B53: =IF(B52=0,0,(IF($C$6>B52,B52+1,0))) -> 36 | C53: =+F52 -> 2.4134731e+08 | D53: =+C53*$C$7 -> 2290094.6 | E53: =IF(F52>0,($C$8-D53),0) -> 8599590.9 | F53: =+C53-E53 -> 2.3274772e+08
B55: Año 3 | D55: =SUM(D42:D54) -> 32652424 | E55: =SUM(E42:E54) -> 98023803
B57: =IF(B53=0,0,(IF($C$6>B53,B53+1,0))) -> 37 | C57: =+F53 -> 2.3274772e+08 | D57: =+C57*$C$7 -> 2208494.9 | E57: =IF(F53>0,($C$8-D57),0) -> 8681190.6 | F57: =+C57-E57 -> 2.2406653e+08
B58: =IF(B57=0,0,(IF($C$6>B57,B57+1,0))) -> 38 | C58: =+F57 -> 2.2406653e+08 | D58: =+C58*$C$7 -> 2126120.9 | E58: =IF(F57>0,($C$8-D58),0) -> 8763564.7 | F58: =+C58-E58 -> 2.1530296e+08
B59: =IF(B58=0,0,(IF($C$6>B58,B58+1,0))) -> 39 | C59: =+F58 -> 2.1530296e+08 | D59: =+C59*$C$7 -> 2042965.2 | E59: =IF(F58>0,($C$8-D59),0) -> 8846720.3 | F59: =+C59-E59 -> 2.0645624e+08
B60: =IF(B59=0,0,(IF($C$6>B59,B59+1,0))) -> 40 | C60: =+F59 -> 2.0645624e+08 | D60: =+C60*$C$7 -> 1959020.5 | E60: =IF(F59>0,($C$8-D60),0) -> 8930665 | F60: =+C60-E60 -> 1.9752558e+08
B61: =IF(B60=0,0,(IF($C$6>B60,B60+1,0))) -> 41 | C61: =+F60 -> 1.9752558e+08 | D61: =+C61*$C$7 -> 1874279.3 | E61: =IF(F60>0,($C$8-D61),0) -> 9015406.2 | F61: =+C61-E61 -> 1.8851017e+08
B62: =IF(B61=0,0,(IF($C$6>B61,B61+1,0))) -> 42 | C62: =+F61 -> 1.8851017e+08 | D62: =+C62*$C$7 -> 1788734 | E62: =IF(F61>0,($C$8-D62),0) -> 9100951.6 | F62: =+C62-E62 -> 1.7940922e+08
B63: =IF(B62=0,0,(IF($C$6>B62,B62+1,0))) -> 43 | C63: =+F62 -> 1.7940922e+08 | D63: =+C63*$C$7 -> 1702376.9 | E63: =IF(F62>0,($C$8-D63),0) -> 9187308.6 | F63: =+C63-E63 -> 1.7022191e+08
B64: =IF(B63=0,0,(IF($C$6>B63,B63+1,0))) -> 44 | C64: =+F63 -> 1.7022191e+08 | D64: =+C64*$C$7 -> 1615200.5 | E64: =IF(F63>0,($C$8-D64),0) -> 9274485.1 | F64: =+C64-E64 -> 1.6094743e+08
B65: =IF(B64=0,0,(IF($C$6>B64,B64+1,0))) -> 45 | C65: =+F64 -> 1.6094743e+08 | D65: =+C65*$C$7 -> 1527196.8 | E65: =IF(F64>0,($C$8-D65),0) -> 9362488.7 | F65: =+C65-E65 -> 1.5158494e+08
B66: =IF(B65=0,0,(IF($C$6>B65,B65+1,0))) -> 46 | C66: =+F65 -> 1.5158494e+08 | D66: =+C66*$C$7 -> 1438358.1 | E66: =IF(F65>0,($C$8-D66),0) -> 9451327.5 | F66: =+C66-E66 -> 1.4213361e+08
B67: =IF(B66=0,0,(IF($C$6>B66,B66+1,0))) -> 47 | C67: =+F66 -> 1.4213361e+08 | D67: =+C67*$C$7 -> 1348676.4 | E67: =IF(F66>0,($C$8-D67),0) -> 9541009.2 | F67: =+C67-E67 -> 1.325926e+08
B68: =IF(B67=0,0,(IF($C$6>B67,B67+1,0))) -> 48 | C68: =+F67 -> 1.325926e+08 | D68: =+C68*$C$7 -> 1258143.7 | E68: =IF(F67>0,($C$8-D68),0) -> 9631541.8 | F68: =+C68-E68 -> 1.2296106e+08
B70: Año 4 | D70: =SUM(D57:D69) -> 20889567 | E70: =SUM(E57:E69) -> 1.0978666e+08
B72: =IF(B68=0,0,(IF($C$6>B68,B68+1,0))) -> 49 | C72: =+F68 -> 1.2296106e+08 | D72: =+C72*$C$7 -> 1166752 | E72: =IF(F68>0,($C$8-D72),0) -> 9722933.5 | F72: =+C72-E72 -> 1.1323812e+08
B73: =IF(B72=0,0,(IF($C$6>B72,B72+1,0))) -> 50 | C73: =+F72 -> 1.1323812e+08 | D73: =+C73*$C$7 -> 1074493.1 | E73: =IF(F72>0,($C$8-D73),0) -> 9815192.4 | F73: =+C73-E73 -> 1.0342293e+08
B74: =IF(B73=0,0,(IF($C$6>B73,B73+1,0))) -> 51 | C74: =+F73 -> 1.0342293e+08 | D74: =+C74*$C$7 -> 981358.79 | E74: =IF(F73>0,($C$8-D74),0) -> 9908326.7 | F74: =+C74-E74 -> 93514606
B75: =IF(B74=0,0,(IF($C$6>B74,B74+1,0))) -> 52 | C75: =+F74 -> 93514606 | D75: =+C75*$C$7 -> 887340.73 | E75: =IF(F74>0,($C$8-D75),0) -> 10002345 | F75: =+C75-E75 -> 83512261
B76: =IF(B75=0,0,(IF($C$6>B75,B75+1,0))) -> 53 | C76: =+F75 -> 83512261 | D76: =+C76*$C$7 -> 792430.55 | E76: =IF(F75>0,($C$8-D76),0) -> 10097255 | F76: =+C76-E76 -> 73415006
B77: =IF(B76=0,0,(IF($C$6>B76,B76+1,0))) -> 54 | C77: =+F76 -> 73415006 | D77: =+C77*$C$7 -> 696619.79 | E77: =IF(F76>0,($C$8-D77),0) -> 10193066 | F77: =+C77-E77 -> 63221940
B78: =IF(B77=0,0,(IF($C$6>B77,B77+1,0))) -> 55 | C78: =+F77 -> 63221940 | D78: =+C78*$C$7 -> 599899.9 | E78: =IF(F77>0,($C$8-D78),0) -> 10289786 | F78: =+C78-E78 -> 52932155
B79: =IF(B78=0,0,(IF($C$6>B78,B78+1,0))) -> 56 | C79: =+F78 -> 52932155 | D79: =+C79*$C$7 -> 502262.25 | E79: =IF(F78>0,($C$8-D79),0) -> 10387423 | F79: =+C79-E79 -> 42544731
B80: =IF(B79=0,0,(IF($C$6>B79,B79+1,0))) -> 57 | C80: =+F79 -> 42544731 | D80: =+C80*$C$7 -> 403698.15 | E80: =IF(F79>0,($C$8-D80),0) -> 10485987 | F80: =+C80-E80 -> 32058744
B81: =IF(B80=0,0,(IF($C$6>B80,B80+1,0))) -> 58 | C81: =+F80 -> 32058744 | D81: =+C81*$C$7 -> 304198.78 | E81: =IF(F80>0,($C$8-D81),0) -> 10585487 | F81: =+C81-E81 -> 21473257
B82: =IF(B81=0,0,(IF($C$6>B81,B81+1,0))) -> 59 | C82: =+F81 -> 21473257 | D82: =+C82*$C$7 -> 203755.29 | E82: =IF(F81>0,($C$8-D82),0) -> 10685930 | F82: =+C82-E82 -> 10787327
B83: =IF(B82=0,0,(IF($C$6>B82,B82+1,0))) -> 60 | C83: =+F82 -> 10787327 | D83: =+C83*$C$7 -> 102358.71 | E83: =IF(F82>0,($C$8-D83),0) -> 10787327 | F83: =+C83-E83 -> 8.3819032e-08
B85: Año 5 | D85: =SUM(D72:D84) -> 7715168.1 | E85: =SUM(E72:E84) -> 1.2296106e+08

Sheet Inversión
B2: =+Egresos!B2 -> ConectaDos
B4: INVERSIÓN ACTIVOS
C6: Valor total del activo | D6: Años de vida útil | E6: Depreciación y amortización
B8: MUEBLES Y ENSERES Y EQUIPO DE OFICINA
B10: =+'Información inicial'!B2378 -> Escritorios | C10: =+'Información inicial'!C2378 -> 6400000 | D10: =+'Información inicial'!F2378 -> 3 | E10: =+'Información inicial'!F2382 -> 5190000
B11: =+'Información inicial'!B2379 -> Sillas ergonómicas | C11: =+'Información inicial'!C2379 -> 4800000
B12: =+'Información inicial'!B2380 -> Mesa reuniones | C12: =+'Información inicial'!C2380 -> 2000000
B13: =+'Información inicial'!B2381 -> Archivadores | C13: =+'Información inicial'!C2381 -> 1600000
B14: =+'Información inicial'!B2382 -> Recepción | C14: =+'Información inicial'!C2382 -> 2500000
B15: =+'Información inicial'!B2383 -> 0 | C15: =+'Información inicial'!C2383 -> 0
B16: =+'Información inicial'!B2384 -> 0 | C16: =+'Información inicial'!C2384 -> 0
B17: =+'Información inicial'!B2385 -> 0 | C17: =+'Información inicial'!C2385 -> 0
B18: =+'Información inicial'!B2386 -> 0 | C18: =+'Información inicial'!C2386 -> 0
B19: =+'Información inicial'!B2387 -> 0 | C19: =+'Información inicial'!C2387 -> 0
B20: =+'Información inicial'!B2388 -> 0 | C20: =+'Información inicial'!C2388 -> 0
B21: =+'Información inicial'!B2389 -> 0 | C21: =+'Información inicial'!C2389 -> 0
B23: SUBTOTAL | C23: =SUM(C10:C22) -> 17300000 | E23: =SUM(E10:E22) -> 5190000
B26: MAQUINARIA Y EQUIPO
B28: =+'Información inicial'!B2396 -> 0 | C28: =+'Información inicial'!C2396 -> 0 | D28: =+'Información inicial'!F2396 -> 10 | E28: =+'Información inicial'!F2403 -> 0
B29: =+'Información inicial'!B2397 -> 0 | C29: =+'Información inicial'!C2397 -> 0
B30: =+'Información inicial'!B2398 -> 0 | C30: =+'Información inicial'!C2398 -> 0
B31: =+'Información inicial'!B2399 -> 0 | C31: =+'Información inicial'!C2399 -> 0
B32: =+'Información inicial'!B2400 -> 0 | C32: =+'Información inicial'!C2400 -> 0
B33: =+'Información inicial'!B2401 -> 0 | C33: =+'Información inicial'!C2401 -> 0
B34: =+'Información inicial'!B2402 -> 0 | C34: =+'Información inicial'!C2402 -> 0
B35: =+'Información inicial'!B2403 -> 0 | C35: =+'Información inicial'!C2403 -> 0
B37: SUBTOTAL | C37: =SUM(C28:C35) -> 0 | E37: =SUM(E28:E35) -> 0
B40: VEHICULOS
B42: =+'Información inicial'!B2410 -> 0 | C42: =+'Información inicial'!C2410 -> 0 | D42: =+'Información inicial'!F2410 -> 2 | E42: =+'Información inicial'!F2414 -> 0
B43: =+'Información inicial'!B2411 -> 0 | C43: =+'Información inicial'!C2411 -> 0
B44: =+'Información inicial'!B2412 -> 0 | C44: =+'Información inicial'!C2412 -> 0
B45: =+'Información inicial'!B2413 -> 0 | C45: =+'Información inicial'!C2413 -> 0
B46: =+'Información inicial'!B2414 -> 0 | C46: =+'Información inicial'!C2414 -> 0
B48: SUBTOTAL | C48: =SUM(C42:C46) -> 0 | E48: =SUM(E42:E46) -> 0
B51: TERRENOS
B53: =+'Información inicial'!B2421 -> 0 | C53: =+'Información inicial'!C2421 -> 0
B54: =+'Información inicial'!B2422 -> 0 | C54: =+'Información inicial'!C2422 -> 0
B56: SUBTOTAL | C56: =SUM(C53:C54) -> 0
B59: EDIFICACIONES
B61: =+'Información inicial'!B2429 -> 0 | C61: =+'Información inicial'!C2429 -> 0 | D61: =+'Información inicial'!F2429 -> 5 | E61: =+'Información inicial'!F2433 -> 0
B62: =+'Información inicial'!B2430 -> 0 | C62: =+'Información inicial'!C2430 -> 0
B63: =+'Información inicial'!B2431 -> 0 | C63: =+'Información inicial'!C2431 -> 0
B65: SUBTOTAL | C65: =SUM(C61:C63) -> 0 | E65: =SUM(E61:E63) -> 0
B68: EQUIPO DE COMPUTO
B70: =+'Información inicial'!B2440 -> Portátiles | C70: =+'Información inicial'!C2440 -> 40000000 | D70: =+'Información inicial'!F2440 -> 3 | E70: =+'Información inicial'!F2444 -> 19600000
B71: =+'Información inicial'!B2441 -> Pantallas | C71: =+'Información inicial'!C2441 -> 8000000
B72: =+'Información inicial'!B2442 -> Firewall | C72: =+'Información inicial'!C2442 -> 6000000
B73: =+'Información inicial'!B2443 -> Switch | C73: =+'Información inicial'!C2443 -> 3000000
B74: =+'Información inicial'!B2444 -> Router empresarial | C74: =+'Información inicial'!C2444 -> 2500000
B75: =+'Información inicial'!B2445 -> NAS Backup | C75: =+'Información inicial'!C2445 -> 8000000
B76: =+'Información inicial'!B2446 -> UPS | C76: =+'Información inicial'!C2446 -> 3500000
B77: =+'Información inicial'!B2447 -> Impresora | C77: =+'Información inicial'!C2447 -> 2500000
B79: SUBTOTAL | C79: =SUM(C70:C78) -> 73500000 | E79: =SUM(E70:E74) -> 19600000
B82: ='Información inicial'!B2453 -> ACTIVOS DIFERIDOS(Intangibles, Software)
B84: =+'Información inicial'!B2455 -> Microsoft 365 | C84: =+'Información inicial'!C2455 -> 5000000 | D84: =+'Información inicial'!F2455 -> 1 | E84: =+'Información inicial'!F2457 -> 23000000
B85: =+'Información inicial'!B2456 -> AWS/Azure | C85: =+'Información inicial'!C2456 -> 18000000
B86: =+'Información inicial'!B2457 -> 0 | C86: =+'Información inicial'!C2457 -> 0
B88: SUBTOTAL | C88: =SUM(C84:C86) -> 23000000 | E88: =SUM(E84:E86) -> 23000000
B90: TOTALES | C90: =+C88+C79+C65+C56+C48+C37+C23 -> 113800000 | E90: =+E88+E79+E65+E56+E48+E37+E23 -> 47790000
B93: INVERSIÓN CAPITAL DE TRABAJO
B95: Capital de trabajo | C95: =+'Información inicial'!D2509 -> 4.7263675e+08
B97: Inventarios | C97: =+'Información inicial'!D2511 -> 0
B99: TOTAL INVERSIÓN INICIAL | C99: =+C90+C95+C97 -> 5.8643675e+08

Sheet Estado de resultados
B2: =+Inversión!B2 -> ConectaDos
B4: ESTADO DE RESULTADOS
B6: Concepto | C6: =+'Información inicial'!D16 -> 2027 | D6: =+'Información inicial'!E16 -> 2028 | E6: =+'Información inicial'!F16 -> 2029 | F6: =+'Información inicial'!G16 -> 2030 | G6: =+'Información inicial'!H16 -> 2031
D8: =+(D9-C9)/C9 -> 0.3428 | E8: =+(E9-D9)/D9 -> 0.3725 | F8: =+(F9-E9)/E9 -> 0.3116 | G8: =+(G9-F9)/F9 -> 0.296
B9: Ventas | C9: =+Ingresos!C266 -> 878322000 | D9: =+Ingresos!D266 -> 1.1794108e+09 | E9: =+Ingresos!E266 -> 1.6187413e+09 | F9: =+Ingresos!F266 -> 2.1231411e+09 | G9: =+Ingresos!G266 -> 2.7515908e+09
B10: Costos | C10: =+Egresos!C25 -> 175664400 | D10: =+Egresos!D25 -> 2.128298e+08 | E10: =+Egresos!E25 -> 2.6544056e+08 | F10: =+Egresos!F25 -> 3.1746531e+08 | G10: =+Egresos!G25 -> 3.8089107e+08
B11: %Utilidad Bruta | C11: =+C10/C9 -> 0.2 | D11: =+D10/D9 -> 0.18045434 | E11: =+E10/E9 -> 0.16397961 | F11: =+F10/F9 -> 0.14952624 | G11: =+G10/G9 -> 0.13842577
B12: Utilidad Bruta | C12: =+C9-C10 -> 702657600 | D12: =+D9-D10 -> 9.6658098e+08 | E12: =+E9-E10 -> 1.3533007e+09 | F12: =+F9-F10 -> 1.8056758e+09 | G12: =+G9-G10 -> 2.3706998e+09
B14: Gastos operativos | C14: =+Egresos!C27 -> 9.860635e+08 | D14: =+Egresos!D27 -> 1.0522697e+09 | E14: =+Egresos!E27 -> 1.1277021e+09 | F14: =+Egresos!F27 -> 1.1778206e+09 | G14: =+Egresos!G27 -> 1.2457085e+09
D15: =+(D14-C14)/C14 -> 0.067141932 | E15: =+(E14-D14)/D14 -> 0.071685452 | F15: =+(F14-E14)/E14 -> 0.044443033 | G15: =+(G14-F14)/F14 -> 0.057638564
B16: Utilidad antes impuestos e intereses | C16: =+C12-C14 -> -2.834059e+08 | D16: =+D12-D14 -> -85688724 | E16: =+E12-E14 -> 2.255986e+08 | F16: =+F12-F14 -> 6.2785514e+08 | G16: =+G12-G14 -> 1.1249912e+09
B18: Gastos financieros | C18: =+Egresos!C51 -> 52532251 | D18: =+Egresos!D51 -> 43154974 | E18: =+Egresos!E51 -> 32652424 | F18: =+Egresos!F51 -> 20889567 | G18: =+Egresos!G51 -> 7715168.1
B19: Ingresos financieros | C19: =+Ingresos!C268 -> 0 | D19: =+Ingresos!D268 -> 0 | E19: =+Ingresos!E268 -> 0 | F19: =+Ingresos!F268 -> 8189224.1 | G19: =+Ingresos!G268 -> 13669735
B21: Utilidad antes de impuestos | C21: =+C16-C18+C19 -> -3.3593815e+08 | D21: =+D16-D18+D19 -> -1.288437e+08 | E21: =+E16-E18+E19 -> 1.9294618e+08 | F21: =+F16-F18+F19 -> 6.151548e+08 | G21: =+G16-G18+G19 -> 1.1309458e+09
B23: Impuestos | C23: =IF(C21>0,(C21*'Información inicial'!$C$2531),0) -> 0 | D23: =IF(D21>0,(D21*'Información inicial'!$C$2531),0) -> 0 | E23: =IF(E21>0,(E21*'Información inicial'!$C$2531),0) -> 67531162 | F23: =IF(F21>0,(F21*'Información inicial'!$C$2531),0) -> 2.1530418e+08 | G23: =IF(G21>0,(G21*'Información inicial'!$C$2531),0) -> 3.9583104e+08
B24: % Utilidad Neta | C24: =+C25/C9 -> -0.38247721 | D24: =+D25/D9 -> -0.10924412 | E24: =+E25/E9 -> 0.077476874 | F24: =+F25/F9 -> 0.18832974 | G24: =+G25/G9 -> 0.26715992
B25: Utilidad neta | C25: =+C21-C23 -> -3.3593815e+08 | D25: =+D21-D23 -> -1.288437e+08 | E25: =+E21-E23 -> 1.2541502e+08 | F25: =+F21-F23 -> 3.9985062e+08 | G25: =+G21-G23 -> 7.3511478e+08
D26: =+(D25-C25)/C25 -> -0.61646601 | E26: =+(E25-D25)/D25 -> -1.9733888 | F26: =+(F25-E25)/E25 -> 2.1882196 | G26: =+(G25-F25)/F25 -> 0.83847354

Sheet Efectivo
B2: =+'Estado de resultados'!B2:G2 -> ConectaDos
B4: FLUJO DE EFECTIVO
C6: =+D6-1 -> 2026 | D6: =+'Estado de resultados'!C6 -> 2027 | E6: =+'Estado de resultados'!D6 -> 2028 | F6: =+'Estado de resultados'!E6 -> 2029 | G6: =+'Estado de resultados'!F6 -> 2030 | H6: =+'Estado de resultados'!G6 -> 2031
B8: SALDO INICIAL | C8: 0 | D8: =+C37 -> 4.7263675e+08 | E8: =+D37 -> 47789825 | F8: =+E37 -> -1.6577874e+08 | G8: =+F37 -> -78293012 | H8: =+G37 -> 3.2184604e+08
B10: FUENTES DE EFECTIVO:
E11: =+E13/E12 -> 0.06770114 | F11: =+F13/F12 -> 0.066236132 | G11: =+G13/G12 -> 0.069311597 | H11: =+H13/H12 -> 0.070145903
B12: Ventas de contado | D12: =+'Información inicial'!D2546 -> 805128500 | E12: =+'Información inicial'!E2546 -> 1.0811265e+09 | F12: =+'Información inicial'!F2546 -> 1.4838462e+09 | G12: =+'Información inicial'!G2546 -> 1.9462127e+09 | H12: =+'Información inicial'!H2546 -> 2.5222916e+09
B13: Recuperación de cartera | E13: =+'Información inicial'!D2542 -> 73193500 | F13: =+'Información inicial'!E2542 -> 98284232 | G13: =+'Información inicial'!F2542 -> 1.3489511e+08 | H13: =+'Información inicial'!G2542 -> 1.7692842e+08
B14: Adquisición de préstamos | C14: =+'Información inicial'!C2523 -> 4.9643675e+08
B15: Aportes de capital | C15: =+'Información inicial'!C2521 -> 90000000
B16: Rendimientos financieros | E16: =+Ingresos!D268 -> 0 | F16: =+Ingresos!E268 -> 0 | G16: =+Ingresos!F268 -> 8189224.1 | H16: =+Ingresos!G268 -> 13669735
B17: Venta de activos fijos
B19: TOTAL FUENTES | C19: =SUM(C11:C17) -> 5.8643675e+08 | D19: =SUM(D11:D17) -> 805128500 | E19: =SUM(E11:E17) -> 1.15432e+09 | F19: =SUM(F11:F17) -> 1.5821304e+09 | G19: =SUM(G11:G17) -> 2.089297e+09 | H19: =SUM(H11:H17) -> 2.7128898e+09
B21: USOS DE EFECTIVO
E22: =+(E23-D23)/D23 -> 0.21157047 | F22: =+(F23-E23)/E23 -> 0.2471964 | G22: =+(G23-F23)/F23 -> 0.19599397 | H22: =+(H23-G23)/G23 -> 0.19978801
B23: Costos operativos | D23: =+Egresos!C10+Egresos!C8-'Información inicial'!D2511-'Información inicial'!D2544+'Información inicial'!D2543 -> 161025700 | E23: =+Egresos!D10+Egresos!D8-E25+'Información inicial'!D2544-'Información inicial'!E2544-'Información inicial'!D2543+'Información inicial'!E2543 -> 1.9509398e+08 | F23: =+Egresos!E10+Egresos!E8-F25+'Información inicial'!E2544-'Información inicial'!F2544-'Información inicial'!E2543+'Información inicial'!F2543 -> 2.4332051e+08 | G23: =+Egresos!F10+Egresos!F8-G25+'Información inicial'!F2544-'Información inicial'!G2544-'Información inicial'!F2543+'Información inicial'!G2543 -> 2.9100987e+08 | H23: =+Egresos!G10+Egresos!G8-H25+'Información inicial'!G2544-'Información inicial'!H2544-'Información inicial'!G2543+'Información inicial'!H2543 -> 3.4915015e+08
B24: Gastos operativos | D24: =+Egresos!C27 -> 9.860635e+08 | E24: =+Egresos!D27 -> 1.0522697e+09 | F24: =+Egresos!E27 -> 1.1277021e+09 | G24: =+Egresos!F27 -> 1.1778206e+09 | H24: =+Egresos!G27 -> 1.2457085e+09
B25: Pago de proveedores | E25: =+'Información inicial'!D2544 -> 14638700 | F25: =+'Información inicial'!E2544 -> 17735817 | G25: =+'Información inicial'!F2544 -> 22120047 | H25: =+'Información inicial'!G2544 -> 26455442
B26: Inversión en activos fijos e inventarios | C26: =+'Información inicial'!C2467+'Información inicial'!D2511 -> 113800000
B27: Servicio de la deuda | D27: =+'Plan Amortización'!E25 -> 78143976 | E27: =+'Plan Amortización'!E40 -> 87521253 | F27: =+'Plan Amortización'!E55 -> 98023803 | G27: =+'Plan Amortización'!E70 -> 1.0978666e+08 | H27: =+'Plan Amortización'!E85 -> 1.2296106e+08
B28: Intereses | D28: =+'Estado de resultados'!C18 -> 52532251 | E28: =+'Estado de resultados'!D18 -> 43154974 | F28: =+'Estado de resultados'!E18 -> 32652424 | G28: =+'Estado de resultados'!F18 -> 20889567 | H28: =+'Estado de resultados'!G18 -> 7715168.1
B29: Impuestos | E29: =+'Estado de resultados'!C23 -> 0 | F29: =+'Estado de resultados'!D23 -> 0 | G29: =+'Estado de resultados'!E23 -> 67531162 | H29: =+'Estado de resultados'!F23 -> 2.1530418e+08
B30: Dividendos
B31: Depreciación y amortización ( - ) | D31: =-Egresos!C45-Egresos!C46 -> -47790000 | E31: =-Egresos!D45-Egresos!D46 -> -24790000 | F31: =-Egresos!E45-Egresos!E46 -> -24790000 | G31: =-Egresos!F45-Egresos!F46 -> 0 | H31: =-Egresos!G45-Egresos!G46 -> 0
B33: TOTAL USOS | C33: =SUM(C22:C31) -> 113800000 | D33: =SUM(D22:D31) -> 1.2299754e+09 | E33: =SUM(E22:E31) -> 1.3678886e+09 | F33: =SUM(F22:F31) -> 1.4946447e+09 | G33: =SUM(G22:G31) -> 1.6891579e+09 | H33: =SUM(H22:H31) -> 1.9672945e+09
B35: EXCEDENTE O DÉFICIT EFECTIVO | C35: =+C19-C33 -> 4.7263675e+08 | D35: =+D19-D33 -> -4.2484692e+08 | E35: =+E19-E33 -> -2.1356857e+08 | F35: =+F19-F33 -> 87485729 | G35: =+G19-G33 -> 4.0013905e+08 | H35: =+H19-H33 -> 7.4559524e+08
B37: SALDO FINAL DE EFECTIVO | C37: =+C8+C35 -> 4.7263675e+08 | D37: =+D8+D35 -> 47789825 | E37: =+E8+E35 -> -1.6577874e+08 | F37: =+F8+F35 -> -78293012 | G37: =+G8+G35 -> 3.2184604e+08 | H37: =+H8+H35 -> 1.0674413e+09

Sheet Balance General
B2: =+Inversión!B2 -> ConectaDos
B4: BALANCE GENERAL
C6: =+D6-1 -> 2026 | D6: =+'Estado de resultados'!C6 -> 2027 | E6: =+'Estado de resultados'!D6 -> 2028 | F6: =+'Estado de resultados'!E6 -> 2029 | G6: =+'Estado de resultados'!F6 -> 2030 | H6: =+'Estado de resultados'!G6 -> 2031
B8: Activos corrientes
B10: Disponible | C10: =+Efectivo!D8 -> 4.7263675e+08 | D10: =+'Información inicial'!C2539+Efectivo!E8 -> 48789825 | E10: =+D10+Efectivo!F8 -> -1.1698892e+08 | F10: =+E10+Efectivo!G8 -> -1.9528193e+08 | G10: =+F10+Efectivo!H8 -> 1.2656411e+08 | H10: =+G10 -> 1.2656411e+08
B11: Inversiones temporales | D11: =IF(D10<Efectivo!D37,Efectivo!D37-'Balance General'!D10,0) -> 0 | E11: =IF(E10<Efectivo!E37,Efectivo!E37-'Balance General'!E10,0) -> 0 | F11: =IF(F10<Efectivo!F37,Efectivo!F37-'Balance General'!F10,0) -> 1.1698892e+08 | G11: =IF(G10<Efectivo!G37,Efectivo!G37-'Balance General'!G10,0) -> 1.9528193e+08 | H11: =IF(H10<Efectivo!H37,Efectivo!H37-'Balance General'!H10,0) -> 9.4087717e+08
B12: Deudores (cuentas por cobrar) | D12: =+'Información inicial'!D2542 -> 73193500 | E12: =+'Información inicial'!E2542 -> 98284232 | F12: =+'Información inicial'!F2542 -> 1.3489511e+08 | G12: =+'Información inicial'!G2542 -> 1.7692842e+08 | H12: =+'Información inicial'!H2542 -> 2.2929924e+08
B13: Inventarios | C13: =+'Información inicial'!D2511 -> 0 | D13: =+'Información inicial'!D2543 -> 0 | E13: =+'Información inicial'!E2543 -> 0 | F13: =+'Información inicial'!F2543 -> 0 | G13: =+'Información inicial'!G2543 -> 0 | H13: =+'Información inicial'!H2543 -> 0
B14: Otros activos | E14: =+IF(D3=0,0,((E13-D13)/D13)) -> 0 | F14: =+IF(E3=0,0,((F13-E13)/E13)) -> 0 | G14: =+IF(F3=0,0,((G13-F13)/F13)) -> 0 | H14: =+IF(G3=0,0,((H13-G13)/G13)) -> 0
B16: Total activo corriente | C16: =SUM(C10:C13) -> 4.7263675e+08 | D16: =SUM(D10:D13) -> 1.2198332e+08 | E16: =SUM(E10:E13) -> -18704685 | F16: =SUM(F10:F13) -> 56602096 | G16: =SUM(G10:G13) -> 4.9877447e+08 | H16: =SUM(H10:H13) -> 1.2967405e+09
E17: =E16/D16-1 -> -1.153338
B18: Activos de largo plazo
B20: Muebles y enseres | C20: =+Inversión!C23 -> 17300000 | D20: =+C20 -> 17300000 | E20: =+D20 -> 17300000 | F20: =+E20 -> 17300000 | G20: =+F20 -> 17300000 | H20: =+G20 -> 17300000
B21: Maquinaria y equipo | C21: =+Inversión!C37 -> 0 | D21: =+C21 -> 0 | E21: =+D21 -> 0 | F21: =+E21 -> 0 | G21: =+F21 -> 0 | H21: =+G21 -> 0
B22: Vehículos | C22: =+Inversión!C48 -> 0 | D22: =+C22 -> 0 | E22: =+D22 -> 0 | F22: =+E22 -> 0 | G22: =+F22 -> 0 | H22: =+G22 -> 0
B23: Terrenos | C23: =+Inversión!C56 -> 0 | D23: =+C23 -> 0 | E23: =+D23 -> 0 | F23: =+E23 -> 0 | G23: =+F23 -> 0 | H23: =+G23 -> 0
B24: Edificaciones | C24: =+Inversión!C65 -> 0 | D24: =+C24 -> 0 | E24: =+D24 -> 0 | F24: =+E24 -> 0 | G24: =+F24 -> 0 | H24: =+G24 -> 0
B25: Equipo de computación | C25: =+Inversión!C79 -> 73500000 | D25: =+C25 -> 73500000 | E25: =+D25 -> 73500000 | F25: =+E25 -> 73500000 | G25: =+F25 -> 73500000 | H25: =+G25 -> 73500000
B26: Depreciación acumulada | C26: 0 | D26: =-'Información inicial'!D2469 -> -24790000 | E26: =-'Información inicial'!E2469+D26 -> -49580000 | F26: =-'Información inicial'!F2469+E26 -> -74370000 | G26: =-'Información inicial'!G2469+F26 -> -74370000 | H26: =-'Información inicial'!H2469+G26 -> -74370000
B27: Software e intangibles | C27: =+Inversión!C88 -> 23000000 | D27: =+C27 -> 23000000 | E27: =+D27 -> 23000000 | F27: =+E27 -> 23000000 | G27: =+F27 -> 23000000 | H27: =+G27 -> 23000000
B28: Amortización acumulada | D28: =-'Información inicial'!D2471 -> -23000000 | E28: =-'Información inicial'!E2471+D28 -> -23000000 | F28: =-'Información inicial'!F2471+E28 -> -23000000 | G28: =-'Información inicial'!G2471+F28 -> -23000000 | H28: =-'Información inicial'!H2471+G28 -> -23000000
B30: Total activos no corrientes | C30: =SUM(C20:C29) -> 113800000 | D30: =SUM(D20:D29) -> 66010000 | E30: =SUM(E20:E29) -> 41220000 | F30: =SUM(F20:F29) -> 16430000 | G30: =SUM(G20:G29) -> 16430000 | H30: =SUM(H20:H29) -> 16430000
B32: Total activos | C32: =C16+C30 -> 5.8643675e+08 | D32: =D16+D30 -> 1.8799332e+08 | E32: =E16+E30 -> 22515315 | F32: =F16+F30 -> 73032096 | G32: =G16+G30 -> 5.1520447e+08 | H32: =H16+H30 -> 1.3131705e+09
D33: =D32/C32-1 -> -0.6794312 | E33: =E32/D32-1 -> -0.88023343 | F33: =F32/E32-1 -> 2.243663 | G33: =G32/F32-1 -> 6.0544938 | H33: =H32/G32-1 -> 1.5488337
B34: Pasivos corrientes
B36: Proveedores | C36: 0 | D36: =+'Información inicial'!D2544 -> 14638700 | E36: =+'Información inicial'!E2544 -> 17735817 | F36: =+'Información inicial'!F2544 -> 22120047 | G36: =+'Información inicial'!G2544 -> 26455442 | H36: =+'Información inicial'!H2544 -> 31740922
B37: Impuesto por pagar | D37: =+'Estado de resultados'!C23 -> 0 | E37: =+'Estado de resultados'!D23 -> 0 | F37: =+'Estado de resultados'!E23 -> 67531162 | G37: =+'Estado de resultados'!F23 -> 2.1530418e+08 | H37: =+'Estado de resultados'!G23 -> 3.9583104e+08
B38: Obligaciones financieras corrientes | C38: =IF('Información inicial'!C2523>100,(SUM('Plan Amortización'!E12:E23)),0) -> 78143976 | D38: =+Efectivo!E27 -> 87521253 | E38: =+Efectivo!F27 -> 98023803 | F38: =+Efectivo!G27 -> 1.0978666e+08 | G38: =+Efectivo!H27 -> 1.2296106e+08 | H38: =+Efectivo!I27 -> 0
B40: Total pasivos corrientes | C40: =SUM(C36:C39) -> 78143976 | D40: =SUM(D36:D39) -> 1.0215995e+08 | E40: =SUM(E36:E39) -> 1.1575962e+08 | F40: =SUM(F36:F39) -> 1.9943787e+08 | G40: =SUM(G36:G39) -> 3.6472068e+08 | H40: =SUM(H36:H39) -> 4.2757196e+08
B42: Pasivos no corrientes
B44: Obligaciones financieras no corrientes | C44: =IF('Información inicial'!C2523>100,'Información inicial'!C2523-'Balance General'!C38,0) -> 4.1829277e+08 | D44: =+C44-D38 -> 3.3077152e+08 | E44: =+D44-E38 -> 2.3274772e+08 | F44: =+E44-F38 -> 1.2296106e+08 | G44: =+F44-G38 -> 0 | H44: =+G44-H38 -> 0
B46: Total pasivos no corrientes | C46: =SUM(C44:C45) -> 4.1829277e+08 | D46: =SUM(D44:D45) -> 3.3077152e+08 | E46: =SUM(E44:E45) -> 2.3274772e+08 | F46: =SUM(F44:F45) -> 1.2296106e+08 | G46: =SUM(G44:G45) -> 0 | H46: =SUM(H44:H45) -> 0
B48: Total pasivos | C48: =C40+C46 -> 4.9643675e+08 | D48: =D40+D46 -> 4.3293147e+08 | E48: =E40+E46 -> 3.4850734e+08 | F48: =F40+F46 -> 3.2239893e+08 | G48: =G40+G46 -> 3.6472068e+08 | H48: =H40+H46 -> 4.2757196e+08
D49: =+(D48-C48)/C48 -> -0.12792219 | E49: =+(E48-D48)/D48 -> -0.19500577 | F49: =+(F48-E48)/E48 -> -0.074914952 | G49: =+(G48-F48)/F48 -> 0.13127138 | H49: =+(H48-G48)/G48 -> 0.17232716
B50: Patrimonio
B52: Capital | C52: =+'Información inicial'!C2521 -> 90000000 | D52: =+C52 -> 90000000 | E52: =+D52 -> 90000000 | F52: =+E52 -> 90000000 | G52: =+F52 -> 90000000 | H52: =+G52 -> 90000000
B53: Reserva Legal | C53: 0 | D53: =IF(C55>0,(C55*10%),0) -> 0 | E53: =IF(D55>0,(D55*10%),0) -> 0 | F53: =+E55*10%+E53 -> -12884370 | G53: =+F55*10%+F53 -> -342868.21 | H53: =+G55*10%+G53 -> 39642194 | I53: =SUM(F53/E53-1) -> #DIV/0!
B54: Utilidades retenidas | C54: 0 | D54: =+C55-D53 -> 0 | E54: =+D55-E53 -> -3.3593815e+08 | F54: =+E55-E55*10%+E54 -> -4.5189748e+08 | G54: =+F55-F55*10%+F54 -> -3.3902396e+08 | H54: =+G55-G55*10%+G54 -> 20841593 | I54: =SUM(F54/E54-1) -> 0.34518059
B55: Utilidad del periodo | C55: 0 | D55: =+'Estado de resultados'!C25 -> -3.3593815e+08 | E55: =+'Estado de resultados'!D25 -> -1.288437e+08 | F55: =+'Estado de resultados'!E25 -> 1.2541502e+08 | G55: =+'Estado de resultados'!F25 -> 3.9985062e+08 | H55: =+'Estado de resultados'!G25 -> 7.3511478e+08 | I55: =SUM(F55/E55-1) -> -1.9733888
B57: Total patrimonio | C57: =SUM(C52:C55) -> 90000000 | D57: =SUM(D52:D55) -> -2.4593815e+08 | E57: =SUM(E52:E55) -> -3.7478185e+08 | F57: =SUM(F52:F55) -> -2.4936683e+08 | G57: =SUM(G52:G55) -> 1.5048379e+08 | H57: =SUM(H52:H55) -> 8.8559857e+08
D58: =D57/C57-1 -> -3.7326461 | E58: =E57/D57-1 -> 0.52388659 | F58: =F57/E57-1 -> -0.33463471 | G58: =G57/F57-1 -> -1.6034635 | H58: =H57/G57-1 -> 4.8850098
B59: Total pasivo y patrimonio | C59: =C48+C57 -> 5.8643675e+08 | D59: =D48+D57 -> 1.8699332e+08 | E59: =E48+E57 -> -26274509 | F59: =F48+F57 -> 73032096 | G59: =G48+G57 -> 5.1520447e+08 | H59: =H48+H57 -> 1.3131705e+09
G60: Diferencia en balance | H60: =SUM(C61:H61) -> 49789823
B61: =IF(H60<>0,G60," ") -> Diferencia en balance | C61: =C32-C59 -> 0 | D61: =D32-D59 -> 1000000 | E61: =E32-E59 -> 48789825 | F61: =F32-F59 -> -0.3248297 | G61: =G32-G59 -> -0.45151138 | H61: =H32-H59 -> -0.58115292

Sheet Flujo de Caja
B2: =+'Balance General'!B2:H2 -> ConectaDos
B4: FLUJO DE CAJA DEL PROYECTO
B6: Concepto | D6: ='Estado de resultados'!C6 -> 2027 | E6: ='Estado de resultados'!D6 -> 2028 | F6: ='Estado de resultados'!E6 -> 2029 | G6: ='Estado de resultados'!F6 -> 2030 | H6: ='Estado de resultados'!G6 -> 2031
B9: Ventas | D9: ='Estado de resultados'!C9 -> 878322000 | E9: ='Estado de resultados'!D9 -> 1.1794108e+09 | F9: ='Estado de resultados'!E9 -> 1.6187413e+09 | G9: ='Estado de resultados'!F9 -> 2.1231411e+09 | H9: ='Estado de resultados'!G9 -> 2.7515908e+09
B10: Costos | D10: ='Estado de resultados'!C10 -> 175664400 | E10: ='Estado de resultados'!D10 -> 2.128298e+08 | F10: ='Estado de resultados'!E10 -> 2.6544056e+08 | G10: ='Estado de resultados'!F10 -> 3.1746531e+08 | H10: ='Estado de resultados'!G10 -> 3.8089107e+08
B11: Gastos operativos | D11: ='Estado de resultados'!C14 -> 9.860635e+08 | E11: ='Estado de resultados'!D14 -> 1.0522697e+09 | F11: ='Estado de resultados'!E14 -> 1.1277021e+09 | G11: ='Estado de resultados'!F14 -> 1.1778206e+09 | H11: ='Estado de resultados'!G14 -> 1.2457085e+09
B13: Utilidad operativa | D13: =+D9-D10-D11 -> -2.834059e+08 | E13: =+E9-E10-E11 -> -85688724 | F13: =+F9-F10-F11 -> 2.255986e+08 | G13: =+G9-G10-G11 -> 6.2785514e+08 | H13: =+H9-H10-H11 -> 1.1249912e+09
B15: Impuesto de renta operativo | E15: =+D13*'Información inicial'!$C$2531 -> -99192064 | F15: =+E13*'Información inicial'!$C$2531 -> -29991053 | G15: =+F13*'Información inicial'!$C$2531 -> 78959511 | H15: =+G13*'Información inicial'!$C$2531 -> 2.197493e+08
B16: Beneficio fiscal financiero | E16: ='Estado de resultados'!C23-'Flujo de Caja'!E15 -> 99192064 | F16: ='Estado de resultados'!D23-'Flujo de Caja'!F15 -> 29991053 | G16: ='Estado de resultados'!E23-'Flujo de Caja'!G15 -> -11428348 | H16: ='Estado de resultados'!F23-'Flujo de Caja'!H15 -> -4445120.1
B18: Utilidad operativa despues de impuestos | D18: =+D13-D15-D16 -> -2.834059e+08 | E18: =+E13-E15-E16 -> -85688724 | F18: =+F13-F15-F16 -> 2.255986e+08 | G18: =+G13-G15-G16 -> 5.6032398e+08 | H18: =+H13-H15-H16 -> 9.0968707e+08
B20: Depreciación y amortización | D20: ='Información inicial'!D2469+'Información inicial'!D2471 -> 47790000 | E20: ='Información inicial'!E2469+'Información inicial'!E2471 -> 24790000 | F20: ='Información inicial'!F2469+'Información inicial'!F2471 -> 24790000 | G20: ='Información inicial'!G2469+'Información inicial'!G2471 -> 0 | H20: ='Información inicial'!H2469+'Información inicial'!H2471 -> 0
B22: Flujo de caja bruto operativo | C22: =-'Información inicial'!D2515 -> -5.8643675e+08 | D22: =+D18+D20 -> -2.356159e+08 | E22: =+E18+E20 -> -60898724 | F22: =+F18+F20 -> 2.503886e+08 | G22: =+G18+G20 -> 5.6032398e+08 | H22: =+H18+H20 -> 9.0968707e+08
B24: TIR DEL PROYECTO | C24: =+IRR(C22:H22) -> 0.18329736
B25: WACC DEL PROYECTO | C25: =wacc!H27 -> 0.35398391
B26: TIR MODIFICADA DEL PROYECTO | C26: =MIRR(C22:H22,C25,'Información inicial'!C2529) -> 0.1774118
B27: VPN DEL PROYECTO | C27: =NPV(C25,D22:H22)+C22 -> -3.2617489e+08
B31: Reposición de capital de trabajo | E31: ='Ind. Generacion Valor'!G8-'Ind. Generacion Valor'!F8 -> 21993615 | F31: ='Ind. Generacion Valor'!H8-'Ind. Generacion Valor'!G8 -> 32226646 | G31: ='Ind. Generacion Valor'!I8-'Ind. Generacion Valor'!H8 -> 37697920 | H31: ='Ind. Generacion Valor'!J8-'Ind. Generacion Valor'!I8 -> 47085333
B32: Reposición de activos fijos | E32: ='Información inicial'!D2467 -> 0 | F32: ='Información inicial'!E2467 -> 0 | G32: ='Información inicial'!F2467 -> 0 | H32: ='Información inicial'!G2467 -> 0
B36: Servicio de la deuda | D36: =Efectivo!D27 -> 78143976 | E36: =Efectivo!E27 -> 87521253 | F36: =Efectivo!F27 -> 98023803 | G36: =Efectivo!G27 -> 1.0978666e+08 | H36: =Efectivo!H27 -> 1.2296106e+08
B37: Gastos financieros | D37: ='Estado de resultados'!C18 -> 52532251 | E37: ='Estado de resultados'!D18 -> 43154974 | F37: ='Estado de resultados'!E18 -> 32652424 | G37: ='Estado de resultados'!F18 -> 20889567 | H37: ='Estado de resultados'!G18 -> 7715168.1
B39: Flujo de caja libre inversionista | C39: =-'Información inicial'!C2521 -> -90000000 | D39: =+D22-D36-D37-D31-D32 -> -3.6629212e+08 | E39: =+E22-E36-E37-E31-E32 -> -2.1356857e+08 | F39: =+F22-F36-F37-F31-F32 -> 87485729 | G39: =+G22-G36-G37-G31-G32 -> 3.9194983e+08 | H39: =+H22-H36-H37-H31-H32 -> 7.3192551e+08
B41: TIR DEL INVERSIONISTA | C41: =IRR(C39:H39) -> 0.19352299
B42: TMRR | C42: ='Información inicial'!F2521 -> 0.22
B43: TIR MODIFICADA DEL INVERSIONISTA | C43: =MIRR(C39:H39,C42,'Información inicial'!C2529) -> 0.18582435
B44: VPN | C44: =NPV(C417,D39:H39)+C39 -> 5.4150038e+08

Sheet Punto de equilibrio
B2: PUNTO DE EQUILIBRIO - PRIMER AÑO
B4: COSTOS FIJOS: | C4: =+'Flujo de Caja'!D6 -> 2027 | E4: PRECIO DE VENTA | F4: =+C14 -> 2027
E6: Precio de venta promedio | F6: =+'Información inicial'!D1291/('Información inicial'!D291+'Información inicial'!D295+'Información inicial'!D299+'Información inicial'!D303+'Información inicial'!D307+'Información inicial'!D311+'Información inicial'!D315+'Información inicial'!D319+'Información inicial'!D323+'Información inicial'!D327+'Información inicial'!D331+'Información inicial'!D335+'Información inicial'!D339+'Información inicial'!D343+'Información inicial'!D347+'Información inicial'!D351+'Información inicial'!D355+'Información inicial'!D359+'Información inicial'!D363+'Información inicial'!D367+'Información inicial'!D371+'Información inicial'!D375+'Información inicial'!D379+'Información inicial'!D383+'Información inicial'!D387+'Información inicial'!D391+'Información inicial'!D395+'Información inicial'!D399+'Información inicial'!D403+'Información inicial'!D407+'Información inicial'!D411+'Información inicial'!D415+'Información inicial'!D419+'Información inicial'!D423+'Información inicial'!D427+'Información inicial'!D431+'Información inicial'!D435+'Información inicial'!D439+'Información inicial'!D443+'Información inicial'!D447+'Información inicial'!D451+'Información inicial'!D455+'Información inicial'!D459+'Información inicial'!D463+'Información inicial'!D467+'Información inicial'!D471+'Información inicial'!D475+'Información inicial'!D479+'Información inicial'!D483+'Información inicial'!D487) -> 100831.38
B7: =+Egresos!B10 -> Costos fijos | C7: =+Egresos!C10 -> 0
B8: =+Egresos!B27 -> Gastos operativos | C8: =+Egresos!C27 -> 9.860635e+08 | E8: PRECIO DE VENTA UNITARIO | F8: =+F6 -> 100831.38
B9: =+Egresos!B51 -> Gastos financieros | C9: =+Egresos!C51 -> 52532251
B10: =+'Estado de resultados'!B23 -> Impuestos | C10: =+'Estado de resultados'!C23 -> 0 | E10: PUNTO DE EQUILIBRIO | F10: =+F4 -> 2027
B12: TOTAL COSTOS FIJOS | C12: =SUM(C7:C11) -> 1.0385957e+09 | E12: EN UNIDADES (Costos fijos / pvu - cvu) - ANUAL | F12: =+(C12/(F8-C18)) -> 12875.403
B14: COSTOS VARIABLES | C14: =+C4 -> 2027 | E14: EN UNIDADES (Costos fijos / pvu - cvu) - MENSUAL | F14: =+F12/12 -> 1072.9503
B16: Costo variable promedio | C16: =+'Información inicial'!D2316/('Información inicial'!D1319+'Información inicial'!D1323+'Información inicial'!D1327+'Información inicial'!D1331+'Información inicial'!D1335+'Información inicial'!D1339+'Información inicial'!D1343+'Información inicial'!D1347+'Información inicial'!D1351+'Información inicial'!D1355+'Información inicial'!D1359+'Información inicial'!D1363+'Información inicial'!D1367+'Información inicial'!D1371+'Información inicial'!D1375+'Información inicial'!D1379+'Información inicial'!D1383+'Información inicial'!D1387+'Información inicial'!D1391+'Información inicial'!D1395+'Información inicial'!D1399+'Información inicial'!D1403+'Información inicial'!D1407+'Información inicial'!D1411+'Información inicial'!D1415+'Información inicial'!D1419+'Información inicial'!D1423+'Información inicial'!D1427+'Información inicial'!D1431+'Información inicial'!D1435+'Información inicial'!D1439+'Información inicial'!D1443+'Información inicial'!D1447+'Información inicial'!D1451+'Información inicial'!D1455+'Información inicial'!D1459+'Información inicial'!D1463+'Información inicial'!D1467+'Información inicial'!D1471+'Información inicial'!D1475+'Información inicial'!D1479+'Información inicial'!D1483+'Información inicial'!D1487+'Información inicial'!D1491+'Información inicial'!D1495+'Información inicial'!D1499+'Información inicial'!D1503+'Información inicial'!D1507+'Información inicial'!D1511+'Información inicial'!D1515) -> 20166.276 | E16: EN PESOS (Costos fijos / 1 - MCU) - ANUAL | F16: =+(C12/(1-(C18/F8))) -> 1.2982447e+09
B18: TOTAL COSTOS VARIABLES | C18: =SUM(C16:C17) -> 20166.276 | E18: EN PESOS (Costos fijos / 1 - MCU) - MENSUAL | F18: =+F16/12 -> 1.0818706e+08

Sheet wacc
B2: =+'Flujo de Caja'!B2:H2 -> ConectaDos
B4: COSTO PROMEDIO PONDERADO DE LOS RECURSOS (WACC)
C7: =+'Flujo de Caja'!D6 -> 2027 | D7: =+'Flujo de Caja'!E6 -> 2028 | E7: =+'Flujo de Caja'!F6 -> 2029 | F7: =+'Flujo de Caja'!G6 -> 2030 | G7: =+'Flujo de Caja'!H6 -> 2031 | J7: CP
B10: =+'Balance General'!B36 -> Proveedores | C10: =+'Balance General'!D36 -> 14638700 | D10: =+'Balance General'!E36 -> 17735817 | E10: =+'Balance General'!F36 -> 22120047 | F10: =+'Balance General'!G36 -> 26455442 | G10: =+'Balance General'!H36 -> 31740922 | I10: Tasa | J10: =+'Información inicial'!I2521 -> 0
B11: =+'Balance General'!B37 -> Impuesto por pagar | C11: =+'Balance General'!D37 -> 0 | D11: =+'Balance General'!E37 -> 0 | E11: =+'Balance General'!F37 -> 67531162 | F11: =+'Balance General'!G37 -> 2.1530418e+08 | G11: =+'Balance General'!H37 -> 3.9583104e+08 | I11: Tasa | J11: =+'Información inicial'!I2523 -> 0
B12: =+'Balance General'!B38 -> Obligaciones financieras corrientes | C12: =+'Balance General'!D38 -> 87521253 | D12: =+'Balance General'!E38 -> 98023803 | E12: =+'Balance General'!F38 -> 1.0978666e+08 | F12: =+'Balance General'!G38 -> 1.2296106e+08 | G12: =+'Balance General'!H38 -> 0 | I12: Tasa | J12: =+'Información inicial'!C2527*(1-Instrucciones!C1044) -> 0.078
B13: =+'Balance General'!B44 -> Obligaciones financieras no corrientes | C13: =+'Balance General'!D44 -> 3.3077152e+08 | D13: =+'Balance General'!E44 -> 2.3274772e+08 | E13: =+'Balance General'!F44 -> 1.2296106e+08 | F13: =+'Balance General'!G44 -> 0 | G13: =+'Balance General'!H44 -> 0 | I13: Tasa | J13: =+J12 -> 0.078
B14: =+'Balance General'!B50 -> Patrimonio | C14: =+'Balance General'!D57 -> -2.4593815e+08 | D14: =+'Balance General'!E57 -> -3.7478185e+08 | E14: =+'Balance General'!F57 -> -2.4936683e+08 | F14: =+'Balance General'!G57 -> 1.5048379e+08 | G14: =+'Balance General'!H57 -> 8.8559857e+08 | I14: Tasa | J14: =+'Información inicial'!F2521 -> 0.22
B16: Total pasivo y patrimonio | C16: =SUM(C10:C15) -> 1.8699332e+08 | D16: =SUM(D10:D15) -> -26274509 | E16: =SUM(E10:E15) -> 73032096 | F16: =SUM(F10:F15) -> 5.1520447e+08 | G16: =SUM(G10:G15) -> 1.3131705e+09
C18: Participación
B20: =+B10 -> Proveedores | C20: =+C10/C$16 -> 0.078284613 | D20: =+D10/D$16 -> -0.6750199 | E20: =+E10/E$16 -> 0.30288117 | F20: =+F10/F$16 -> 0.051349404 | G20: =+G10/G$16 -> 0.024171212
B21: =+B11 -> Impuesto por pagar | C21: =+C11/C$16 -> 0 | D21: =+D11/D$16 -> 0 | E21: =+E11/E$16 -> 0.92467786 | F21: =+F11/F$16 -> 0.41790045 | G21: =+G11/G$16 -> 0.30143156
B22: =+B12 -> Obligaciones financieras corrientes | C22: =+C12/C$16 -> 0.4680448 | D22: =+D12/D$16 -> -3.7307568 | E22: =+E12/E$16 -> 1.5032659 | F22: =+F12/F$16 -> 0.23866458 | G22: =+G12/G$16 -> 0
B23: =+B13 -> Obligaciones financieras no corrientes | C23: =+C13/C$16 -> 1.7688948 | D23: =+D13/D$16 -> -8.8583089 | E23: =+E13/E$16 -> 1.6836578 | F23: =+F13/F$16 -> 0 | G23: =+G13/G$16 -> 0
B24: =+B14 -> Patrimonio | C24: =+C14/C$16 -> -1.3152242 | D24: =+D14/D$16 -> 14.264086 | E24: =+E14/E$16 -> -3.4144827 | F24: =+F14/F$16 -> 0.29208556 | G24: =+G14/G$16 -> 0.67439723
B27: Costo promedio ponderado | C27: =+C20*$J$10+C21*$J$11+C22*$J$12+C23*$J$13+C24*$J$14 -> -0.11486804 | D27: =+D20*$J$10+D21*$J$11+D22*$J$12+D23*$J$13+D24*$J$14 -> 2.1561517 | E27: =+E20*$J$10+E21*$J$11+E22*$J$12+E23*$J$13+E24*$J$14 -> -0.50260615 | F27: =+F20*$J$10+F21*$J$11+F22*$J$12+F23*$J$13+F24*$J$14 -> 0.082874661 | G27: =+G20*$J$10+G21*$J$11+G22*$J$12+G23*$J$13+G24*$J$14 -> 0.14836739 | H27: =AVERAGE(C27:G27) -> 0.35398391

Sheet Ind Liquidez
B2: =+'Flujo de Caja'!B2:H2 -> ConectaDos
B4: INDICADORES FINANCIEROS DE LIQUIDEZ Y ACTIVIDAD
B6: LIQUIDEZ | D6: FORMULA DE CALCULO | F6: =+'Flujo de Caja'!D6 -> 2027 | G6: =+'Flujo de Caja'!E6 -> 2028 | H6: =+'Flujo de Caja'!F6 -> 2029 | I6: =+'Flujo de Caja'!G6 -> 2030 | J6: =+'Flujo de Caja'!H6 -> 2031
B8: RAZON CORRIENTE | D8: ACTIVO CORRIENTE | F8: =+'Balance General'!D16/'Balance General'!D40 -> 1.1940425 | G8: =+'Balance General'!E16/'Balance General'!E40 -> -0.16158212 | H8: =+'Balance General'!F16/'Balance General'!F40 -> 0.28380817 | I8: =+'Balance General'!G16/'Balance General'!G40 -> 1.3675519 | J8: =+'Balance General'!H16/'Balance General'!H40 -> 3.0328007
D9: PASIVO CORRIENTE
B12: PRUEBA ACIDA | D12: ACTIVO CORRIENTE - INVENTARIOS | F12: =+('Balance General'!D16-'Balance General'!D13)/'Balance General'!D40 -> 1.1940425 | G12: =+('Balance General'!E16-'Balance General'!E13)/'Balance General'!E40 -> -0.16158212 | H12: =+('Balance General'!F16-'Balance General'!F13)/'Balance General'!F40 -> 0.28380817 | I12: =+('Balance General'!G16-'Balance General'!G13)/'Balance General'!G40 -> 1.3675519 | J12: =+('Balance General'!H16-'Balance General'!H13)/'Balance General'!H40 -> 3.0328007
B13: Aplica para empresas con inventarios | D13: PASIVO CORRIENTE
B16: SOLIDEZ | D16: ACTIVO TOTAL | F16: =+'Balance General'!D32/'Balance General'!D48 -> 0.43423344 | G16: =+'Balance General'!E32/'Balance General'!E48 -> 0.064604997 | H16: =+'Balance General'!F32/'Balance General'!F48 -> 0.22652711 | I16: =+'Balance General'!G32/'Balance General'!G48 -> 1.4126001 | J16: =+'Balance General'!H32/'Balance General'!H48 -> 3.071227
D17: PASIVO TOTAL
B20: CAPITAL DE TRABAJO | D20: ACTIVO CORRIENTE - PASIVO CTE | F20: =+'Balance General'!D16-'Balance General'!D40 -> 19823372 | G20: =+'Balance General'!E16-'Balance General'!E40 -> -1.344643e+08 | H20: =+'Balance General'!F16-'Balance General'!F40 -> -1.4283577e+08 | I20: =+'Balance General'!G16-'Balance General'!G40 -> 1.3405379e+08 | J20: =+'Balance General'!H16-'Balance General'!H40 -> 8.6916857e+08
B48: ACTIVIDAD | D48: FORMULA DE CALCULO | F48: =+F6 -> 2027 | G48: =+G6 -> 2028 | H48: =+H6 -> 2029 | I48: =+I6 -> 2030 | J48: =+J6 -> 2031
B50: ROTACIÓN DE INVENTARIOS | D50: COSTO DE MERCANCIA VENDIDA | F50: =IF('Balance General'!D13=0,0,'Estado de resultados'!C10/'Balance General'!D13) -> 0 | G50: =IF('Balance General'!E13=0,0,'Estado de resultados'!D10/'Balance General'!E13) -> 0 | H50: =IF('Balance General'!F13=0,0,'Estado de resultados'!E10/'Balance General'!F13) -> 0 | I50: =IF('Balance General'!G13=0,0,'Estado de resultados'!F10/'Balance General'!G13) -> 0 | J50: =IF('Balance General'!H13=0,0,'Estado de resultados'!G10/'Balance General'!H13) -> 0
D51: PROMEDIO INVENTARIOS
B54: ROTACION DE INVENTARIO EN DÍAS | D54: DIAS | F54: =IF(F50=0,0,360/F50) -> 0 | G54: =IF(G50=0,0,360/G50) -> 0 | H54: =IF(H50=0,0,360/H50) -> 0 | I54: =IF(I50=0,0,360/I50) -> 0 | J54: =IF(J50=0,0,360/J50) -> 0
D55: ROTACION INVENTARIO
B58: ROTACIÓN DE CARTERA EN VECES | D58: VENTAS | F58: =IF('Balance General'!D12>0,('Flujo de Caja'!D9/'Balance General'!D12),0) -> 12 | G58: =IF('Balance General'!E12>0,('Flujo de Caja'!E9/'Balance General'!E12),0) -> 12 | H58: =IF('Balance General'!F12>0,('Flujo de Caja'!F9/'Balance General'!F12),0) -> 12 | I58: =IF('Balance General'!G12>0,('Flujo de Caja'!G9/'Balance General'!G12),0) -> 12 | J58: =IF('Balance General'!H12>0,('Flujo de Caja'!H9/'Balance General'!H12),0) -> 12
D59: PROMEDIO CUENTAS POR COBRAR
B62: ROTACIÓN DE CARTERA EN DIAS | D62: DIAS | F62: =IF(F58>0,360/F58,0) -> 30 | G62: =IF(G58>0,360/G58,0) -> 30 | H62: =IF(H58>0,360/H58,0) -> 30 | I62: =IF(I58>0,360/I58,0) -> 30 | J62: =IF(J58>0,360/J58,0) -> 30
D63: % DE ROTACIÓN DE CARTERA
B66: ROTACION DE CUENTAS POR PAGAR | D66: COMPRAS A CREDITO | F66: =IF('Balance General'!D36=0,0,'Estado de resultados'!C10/'Balance General'!D36) -> 12 | G66: =IF('Balance General'!E36=0,0,'Estado de resultados'!D10/'Balance General'!E36) -> 12 | H66: =IF('Balance General'!F36=0,0,'Estado de resultados'!E10/'Balance General'!F36) -> 12 | I66: =IF('Balance General'!G36=0,0,'Estado de resultados'!F10/'Balance General'!G36) -> 12 | J66: =IF('Balance General'!H36=0,0,'Estado de resultados'!G10/'Balance General'!H36) -> 12
D67: PROMEDIO CUENTAS POR PAGAR
B70: ROTACION PROVEEDORES | D70: DIAS | F70: =IF(F66>0,360/F66,0) -> 30 | G70: =IF(G66>0,360/G66,0) -> 30 | H70: =IF(H66>0,360/H66,0) -> 30 | I70: =IF(I66>0,360/I66,0) -> 30 | J70: =IF(J66>0,360/J66,0) -> 30
D71: ROTACION DE CUENTAS POR PAGAR
B74: CICLO DE CAJA NETO | D74: DIAS INVENTARIO + DIAS CARTERA | F74: =+F54+F62-F70 -> 0 | G74: =+G54+G62-G70 -> 0 | H74: =+H54+H62-H70 -> 0 | I74: =+I54+I62-I70 -> 0 | J74: =+J54+J62-J70 -> 0
D75: - DIAS PROVEEDORES
F78: =+F48 -> 2027 | G78: =+G48 -> 2028 | H78: =+H48 -> 2029 | I78: =+I48 -> 2030 | J78: =+J48 -> 2031
E79: Dias inventario | F79: =+F54 -> 0 | G79: =+G54 -> 0 | H79: =+H54 -> 0 | I79: =+I54 -> 0 | J79: =+J54 -> 0
E80: Dias cartera | F80: =+F62 -> 30 | G80: =+G62 -> 30 | H80: =+H62 -> 30 | I80: =+I62 -> 30 | J80: =+J62 -> 30
E81: Dias proveedores | F81: =+F70 -> 30 | G81: =+G70 -> 30 | H81: =+H70 -> 30 | I81: =+I70 -> 30 | J81: =+J70 -> 30

Sheet Ind Rentabilidad
B2: =+'Flujo de Caja'!B2:H2 -> ConectaDos
B4: INDICADORES DE RENTABILIDAD
B6: INDICADORES DE RENTABILIDAD | D6: FORMULA DE CALCULO | F6: =+'Ind Liquidez'!F6 -> 2027 | G6: =+'Ind Liquidez'!G6 -> 2028 | H6: =+'Ind Liquidez'!H6 -> 2029 | I6: =+'Ind Liquidez'!I6 -> 2030 | J6: =+'Ind Liquidez'!J6 -> 2031
B8: MARGEN BRUTO | D8: RESULTADO BRUTO | F8: =+'Estado de resultados'!C12/'Estado de resultados'!C9 -> 0.8 | G8: =+'Estado de resultados'!D12/'Estado de resultados'!D9 -> 0.81954566 | H8: =+'Estado de resultados'!E12/'Estado de resultados'!E9 -> 0.83602039 | I8: =+'Estado de resultados'!F12/'Estado de resultados'!F9 -> 0.85047376 | J8: =+'Estado de resultados'!G12/'Estado de resultados'!G9 -> 0.86157423
D9: VENTAS
B12: MARGEN OPERACIONAL | D12: RESULTADO OPERACIONAL | F12: =+'Estado de resultados'!C16/'Estado de resultados'!C9 -> -0.32266742 | G12: =+'Estado de resultados'!D16/'Estado de resultados'!D9 -> -0.072653841 | H12: =+'Estado de resultados'!E16/'Estado de resultados'!E9 -> 0.13936668 | I12: =+'Estado de resultados'!F16/'Estado de resultados'!F9 -> 0.29571993 | J12: =+'Estado de resultados'!G16/'Estado de resultados'!G9 -> 0.40885121
D13: VENTAS
B16: MARGEN NETO DE UTILIDAD | D16: RESULTADO DEL EJERCICIO | F16: =+'Estado de resultados'!C25/'Estado de resultados'!C9 -> -0.38247721 | G16: =+'Estado de resultados'!D25/'Estado de resultados'!D9 -> -0.10924412 | H16: =+'Estado de resultados'!E25/'Estado de resultados'!E9 -> 0.077476874 | I16: =+'Estado de resultados'!F25/'Estado de resultados'!F9 -> 0.18832974 | J16: =+'Estado de resultados'!G25/'Estado de resultados'!G9 -> 0.26715992
D17: VENTAS
B20: RENDIMIENTO DEL PATRIMONIO | D20: RESULTADO DEL EJERCICIO | F20: =+'Estado de resultados'!C25/'Balance General'!D57 -> 1.3659457 | G20: =+'Estado de resultados'!D25/'Balance General'!E57 -> 0.34378319 | H20: =+'Estado de resultados'!E25/'Balance General'!F57 -> -0.50293383 | I20: =+'Estado de resultados'!F25/'Balance General'!G57 -> 2.657101 | J20: =+'Estado de resultados'!G25/'Balance General'!H57 -> 0.83007675
D21: PATRIMONIO
B24: RENDIMIENTO DEL ACTIVO | D24: RESULTADO DEL EJERCICIO | F24: =+'Estado de resultados'!C25/'Balance General'!C32 -> -0.57284635 | G24: =+'Estado de resultados'!D25/'Balance General'!D32 -> -0.68536315 | H24: =+'Estado de resultados'!E25/'Balance General'!E32 -> 5.5702091 | I24: =+'Estado de resultados'!F25/'Balance General'!F32 -> 5.4749985 | J24: =+'Estado de resultados'!G25/'Balance General'!G32 -> 1.4268409
D25: ACTIVO TOTAL
F28: =+F6 -> 2027 | G28: =+G6 -> 2028 | H28: =+H6 -> 2029 | I28: =+I6 -> 2030 | J28: =+J6 -> 2031
E29: Margen operativo | F29: =+F12 -> -0.32266742 | G29: =+G12 -> -0.072653841 | H29: =+H12 -> 0.13936668 | I29: =+I12 -> 0.29571993 | J29: =+J12 -> 0.40885121
E30: Margen neto | F30: =+F16 -> -0.38247721 | G30: =+G16 -> -0.10924412 | H30: =+H16 -> 0.077476874 | I30: =+I16 -> 0.18832974 | J30: =+J16 -> 0.26715992
E31: Rend. Patrimonio | F31: =+F20 -> 1.3659457 | G31: =+G20 -> 0.34378319 | H31: =+H20 -> -0.50293383 | I31: =+I20 -> 2.657101 | J31: =+J20 -> 0.83007675
E32: Rend. Activo total | F32: =+F24 -> -0.57284635 | G32: =+G24 -> -0.68536315 | H32: =+H24 -> 5.5702091 | I32: =+I24 -> 5.4749985 | J32: =+J24 -> 1.4268409

Sheet Ind Endeudamiento
B2: =+'Flujo de Caja'!B2:H2 -> ConectaDos
B4: INDICADORES FINANCIEROS DE ENDEUDAMIENTO
B6: ENDEUDAMIENTO | D6: FORMULA DE CALCULO | F6: =+'Ind Liquidez'!F6 -> 2027 | G6: =+'Ind Liquidez'!G6 -> 2028 | H6: =+'Ind Liquidez'!H6 -> 2029 | I6: =+'Ind Liquidez'!I6 -> 2030 | J6: =+'Ind Liquidez'!J6 -> 2031
B8: INDICE DE ENDEUDAMIENTO | D8: PASIVO TOTAL | F8: =+'Balance General'!D48/'Balance General'!D32 -> 2.3029088 | G8: =+'Balance General'!E48/'Balance General'!E32 -> 15.478679 | H8: =+'Balance General'!F48/'Balance General'!F32 -> 4.4144828 | I8: =+'Balance General'!G48/'Balance General'!G32 -> 0.70791444 | J8: =+'Balance General'!H48/'Balance General'!H32 -> 0.32560277
D9: ACTIVO TOTAL
B12: ENDEUDAMIENTO A CORTO PLAZO | D12: PASIVO CORRIENTE | F12: =+'Balance General'!D40/'Balance General'!D48 -> 0.23597257 | G12: =+'Balance General'!E40/'Balance General'!E48 -> 0.33215834 | H12: =+'Balance General'!F40/'Balance General'!F48 -> 0.61860587 | I12: =+'Balance General'!G40/'Balance General'!G48 -> 1 | J12: =+'Balance General'!H40/'Balance General'!H48 -> 1
D13: PASIVO TOTAL (o Activo Total)
B17: PATRIMONIO A PASIVOS | D17: PATRIMONIO | F17: =+'Balance General'!D57/'Balance General'!D48 -> -0.56807639 | G17: =+'Balance General'!E57/'Balance General'!E48 -> -1.0753916 | H17: =+'Balance General'!F57/'Balance General'!F48 -> -0.77347289 | I17: =+'Balance General'!G57/'Balance General'!G48 -> 0.41260009 | J17: =+'Balance General'!H57/'Balance General'!H48 -> 2.071227
D18: PASIVO TOTAL
F21: =+F6 -> 2027 | G21: =+G6 -> 2028 | H21: =+H6 -> 2029 | I21: =+I6 -> 2030 | J21: =+J6 -> 2031
E22: Deuda total | F22: =+F8 -> 2.3029088 | G22: =+G8 -> 15.478679 | H22: =+H8 -> 4.4144828 | I22: =+I8 -> 0.70791444 | J22: =+J8 -> 0.32560277
E23: Deuda corto plazo | F23: =+F12 -> 0.23597257 | G23: =+G12 -> 0.33215834 | H23: =+H12 -> 0.61860587 | I23: =+I12 -> 1 | J23: =+J12 -> 1

Sheet Ind. Generacion Valor
B2: =+'Flujo de Caja'!B2:H2 -> ConectaDos
B4: INDICADORES DE GENERACIÓN DE VALOR
B6: INDICADORES DE VALOR | D6: FORMULA DE CALCULO | F6: =+'Ind Liquidez'!F6 -> 2027 | G6: =+'Ind Liquidez'!G6 -> 2028 | H6: =+'Ind Liquidez'!H6 -> 2029 | I6: =+'Ind Liquidez'!I6 -> 2030 | J6: =+'Ind Liquidez'!J6 -> 2031
B8: KTNO | D8: C X C + Inventarios - C x P | F8: =+'Balance General'!D12+'Balance General'!D13-'Balance General'!D36 -> 58554800 | G8: =+'Balance General'!E12+'Balance General'!E13-'Balance General'!E36 -> 80548415 | H8: =+'Balance General'!F12+'Balance General'!F13-'Balance General'!F36 -> 1.1277506e+08 | I8: =+'Balance General'!G12+'Balance General'!G13-'Balance General'!G36 -> 1.5047298e+08 | J8: =+'Balance General'!H12+'Balance General'!H13-'Balance General'!H36 -> 1.9755831e+08
B12: PKT | D12: KTNO / INGRESOS | F12: =+F8/'Estado de resultados'!C9 -> 0.066666667 | G12: =+G8/'Estado de resultados'!D9 -> 0.068295471 | H12: =+H8/'Estado de resultados'!E9 -> 0.069668366 | I12: =+I8/'Estado de resultados'!F9 -> 0.070872813 | J12: =+J8/'Estado de resultados'!G9 -> 0.071797853
B16: ROA (RENDIMIENTO ACTIVO) | D16: UAII | F16: =+'Estado de resultados'!C16/('Balance General'!D12+'Balance General'!D13+'Balance General'!D30) -> -2.0359107 | G16: =+'Estado de resultados'!D16/('Balance General'!E12+'Balance General'!E13+'Balance General'!E30) -> -0.61423745 | H16: =+'Estado de resultados'!E16/('Balance General'!F12+'Balance General'!F13+'Balance General'!F30) -> 1.4908207 | I16: =+'Estado de resultados'!F16/('Balance General'!G12+'Balance General'!G13+'Balance General'!G30) -> 3.2471052 | J16: =+'Estado de resultados'!G16/('Balance General'!H12+'Balance General'!H13+'Balance General'!H30) -> 4.5781742
D17: ACTIVOS NETOS OPERATIVOS
B20: ROI (RENDIMIENTO PATRIMONIO) | D20: UAI | F20: =+'Estado de resultados'!C21/'Balance General'!D57 -> 1.3659457 | G20: =+'Estado de resultados'!D21/'Balance General'!E57 -> 0.34378319 | H20: =+'Estado de resultados'!E21/'Balance General'!F57 -> -0.77374436 | I20: =+'Estado de resultados'!F21/'Balance General'!G57 -> 4.0878477 | J20: =+'Estado de resultados'!G21/'Balance General'!H57 -> 1.2770412
D21: PATRIMONIO
B24: MARGEN EBITDA | D24: EBITDA | F24: =+('Estado de resultados'!C16-Egresos!C52)/'Estado de resultados'!C9 -> -0.32266742 | G24: =+('Estado de resultados'!D16-Egresos!D52)/'Estado de resultados'!D9 -> -0.072653841 | H24: =+('Estado de resultados'!E16-Egresos!E52)/'Estado de resultados'!E9 -> 0.13936668 | I24: =+('Estado de resultados'!F16-Egresos!F52)/'Estado de resultados'!F9 -> 0.29571993 | J24: =+('Estado de resultados'!G16-Egresos!G52)/'Estado de resultados'!G9 -> 0.40885121
D25: INGRESOS
B28: PALANCA DE CRECIMIENTO | D28: MARGEN EBITDA | F28: =IF(F12>0,F24/F12,0) -> -4.8400114 | G28: =IF(G12>0,G24/G12,0) -> -1.0638164 | H28: =IF(H12>0,H24/H12,0) -> 2.0004299 | I28: =IF(I12>0,I24/I12,0) -> 4.172544 | J28: =IF(J12>0,J24/J12,0) -> 5.6944768
D29: PKT
B32: COSTO PROMEDIO PONDERADO | F32: =+wacc!C27 -> -0.11486804 | G32: =+wacc!D27 -> 2.1561517 | H32: =+wacc!E27 -> -0.50260615 | I32: =+wacc!F27 -> 0.082874661 | J32: =+wacc!G27 -> 0.14836739
B35: RAN | D35: UODI | F35: =+('Estado de resultados'!C16*(1-'Información inicial'!$C$2531))/('Balance General'!D12+'Balance General'!D13+'Balance General'!D30) -> -1.323342 | G35: =+('Estado de resultados'!D16*(1-'Información inicial'!$C$2531))/('Balance General'!E12+'Balance General'!E13+'Balance General'!E30) -> -0.39925434 | H35: =+('Estado de resultados'!E16*(1-'Información inicial'!$C$2531))/('Balance General'!F12+'Balance General'!F13+'Balance General'!F30) -> 0.96903345 | I35: =+('Estado de resultados'!F16*(1-'Información inicial'!$C$2531))/('Balance General'!G12+'Balance General'!G13+'Balance General'!G30) -> 2.1106184 | J35: =+('Estado de resultados'!G16*(1-'Información inicial'!$C$2531))/('Balance General'!H12+'Balance General'!H13+'Balance General'!H30) -> 2.9758132
D36: ACTIVOS OPERACIÓN
B39: EVA | D39: UODI - ACTIVOS x CK | F39: =+('Estado de resultados'!C16*(1-'Información inicial'!$C$2531))-(('Balance General'!D12+'Balance General'!D13+'Balance General'!D30)*wacc!C27) -> -1.682238e+08 | G39: =+('Estado de resultados'!D16*(1-'Información inicial'!$C$2531))-(('Balance General'!E12+'Balance General'!E13+'Balance General'!E30)*wacc!D27) -> -3.5648996e+08 | H39: =+('Estado de resultados'!E16*(1-'Información inicial'!$C$2531))-(('Balance General'!F12+'Balance General'!F13+'Balance General'!F30)*wacc!E27) -> 2.2269602e+08 | I39: =+('Estado de resultados'!F16*(1-'Información inicial'!$C$2531))-(('Balance General'!G12+'Balance General'!G13+'Balance General'!G30)*wacc!F27) -> 3.9208133e+08 | J39: =+('Estado de resultados'!G16*(1-'Información inicial'!$C$2531))-(('Balance General'!H12+'Balance General'!H13+'Balance General'!H30)*wacc!G27) -> 6.9478611e+08
B43: EVA | D43: ACTIVOS x (RAN - CK) | F43: =+('Balance General'!D12+'Balance General'!D13+'Balance General'!D30)*('Ind. Generacion Valor'!F35-wacc!C27) -> -1.682238e+08 | G43: =+('Balance General'!E12+'Balance General'!E13+'Balance General'!E30)*('Ind. Generacion Valor'!G35-wacc!D27) -> -3.5648996e+08 | H43: =+('Balance General'!F12+'Balance General'!F13+'Balance General'!F30)*('Ind. Generacion Valor'!H35-wacc!E27) -> 2.2269602e+08 | I43: =+('Balance General'!G12+'Balance General'!G13+'Balance General'!G30)*('Ind. Generacion Valor'!I35-wacc!F27) -> 3.9208133e+08 | J43: =+('Balance General'!H12+'Balance General'!H13+'Balance General'!H30)*('Ind. Generacion Valor'!J35-wacc!G27) -> 6.9478611e+08
B47: % EVA | D47: EVA / VENTAS | F47: =+F43/'Estado de resultados'!C9 -> -0.19152862 | G47: =+G43/'Estado de resultados'!D9 -> -0.30226106 | H47: =+H43/'Estado de resultados'!E9 -> 0.13757357 | I47: =+I43/'Estado de resultados'!F9 -> 0.18467041 | J47: =+J43/'Estado de resultados'!G9 -> 0.25250342
F51: =+F6 -> 2027 | G51: =+G6 -> 2028 | H51: =+H6 -> 2029 | I51: =+I6 -> 2030 | J51: =+J6 -> 2031
E52: Margen Ebitda | F52: =+F24 -> -0.32266742 | G52: =+G24 -> -0.072653841 | H52: =+H24 -> 0.13936668 | I52: =+I24 -> 0.29571993 | J52: =+J24 -> 0.40885121
E53: RAN | F53: =+F35 -> -1.323342 | G53: =+G35 -> -0.39925434 | H53: =+H35 -> 0.96903345 | I53: =+I35 -> 2.1106184 | J53: =+J35 -> 2.9758132
E54: CPPC | F54: =+F32 -> -0.11486804 | G54: =+G32 -> 2.1561517 | H54: =+H32 -> -0.50260615 | I54: =+I32 -> 0.082874661 | J54: =+J32 -> 0.14836739
E55: % EVA | F55: =+F47 -> -0.19152862 | G55: =+G47 -> -0.30226106 | H55: =+H47 -> 0.13757357 | I55: =+I47 -> 0.18467041 | J55: =+J47 -> 0.25250342

Sheet otros
J2: 2027 | K2: 2028 | L2: 2029 | M2: 2030 | N2: 2031
I3: Total ingresos Operativos | J3: 878322000 | K3: 1.1794108e+09 | L3: 1.6187413e+09 | M3: 2.1231411e+09 | N3: 2.7515908e+09 | Q3: Año | R3: Ventas | S3: Utilidad operativa | T3: Utilidad neta | U3: Margen neto | X3: Año | Y3: Razón corriente | Z3: Lectura | AH3: Año | AI3: Pasivo / Activo | AJ3: Deuda corto plazo | AK3: Patrimonio / Pasivo
I4: Costos + Gastos | J4: =+Egresos!C25+Egresos!C53 -> 1.2142601e+09 | K4: =+Egresos!D25+Egresos!D53 -> 1.3082545e+09 | L4: =+Egresos!E25+Egresos!E53 -> 1.4257951e+09 | M4: =+Egresos!F25+Egresos!F53 -> 1.5161755e+09 | N4: =+Egresos!G25+Egresos!G53 -> 1.6343148e+09 | Q4: 2027 | R4: 878322000 | S4: -264739231 | T4: -311345639 | U4: -0.354 | X4: 2027 | Y4: 1.47 | Z4: Adecuada | AH4: 2027 | AI4: 2.346 | AJ4: 0.239 | AK4: -0.57
Q5: 2028 | R5: 1179410782 | S5: -67022057 | T5: -101001839 | U5: -0.086 | X5: 2028 | Y5: 0.95 | Z5: Crítica | AH5: 2028 | AI5: 2.554 | AJ5: 0.337 | AK5: -1.04
Q6: 2029 | R6: 1618741298 | S6: 244265268 | T6: 139942507 | U6: 0.086 | X6: 2029 | Y6: 0.7 | Z6: Crítica | AH6: 2029 | AI6: 1.996 | AJ6: 0.641 | AK6: -0.6
Q7: 2030 | R7: 2123141086 | S7: 627855139 | T7: 396059298 | U7: 0.187 | X7: 2030 | Y7: 1.57 | Z7: Adecuada | AH7: 2030 | AI7: 0.62 | AJ7: 1 | AK7: 0.61
Q8: 2031 | R8: 2751590848 | S8: 1124991248 | T8: 743543907 | U8: 0.27 | X8: 2031 | Y8: 3.18 | Z8: Adecuada | AH8: 2031 | AI8: 0.311 | AJ8: 1 | AK8: 2.22
Q10: Año | R10: Margen Operativo
Q11: 2027 | R11: =+S4/R4 -> -0.30141478
Q12: 2028 | R12: =+S5/R5 -> -0.056826729
Q13: 2029 | R13: =+S6/R6 -> 0.15089827
Q14: 2030 | R14: =+S7/R7 -> 0.29571993
Q15: 2031 | R15: =+S8/R8 -> 0.40885121

Sheet Hoja1
A1: 1607
A2: 1084
A3: 955
A4: 2039
A5: 2691
A6: 2436
A7: 1607
A8: 1355
A9: 1084
A10: 1084
A11: 1607
A12: 462
... A50: 2039
